Workbook
Name AdmissionStatus: #REF!
Name AdmissionStatus: #REF!
Name DegreeProgram: #REF!
Name DegreeProgram: #REF!
Name Designation: #REF!
Name Designation: #REF!
Name DvListSource1: [1]Sheet2!$D$1:$D$3
Name DvListSource2: [1]Sheet2!$G$1:$G$3
Name DY_NAME: OFFSET(#REF!,,,COUNTIF(#REF!, "?*"))
Name faculty_type: #REF!
Name faculty_type: #REF!
Name Gender: #REF!
Name Gender: #REF!
Name HEIs: #REF!
Name HEIs: #REF!
Name Highest_Degree: #REF!
Name Highest_Degree: #REF!
Name q_combine_enroll_2013_21: #REF!
Name q_combine_enroll_2013_21: #REF!
Name Qualification: '[2]list of Desig n Qualification'!$E$1:$E$5
Name RegistrationSession: #REF!
Name RegistrationSession: #REF!
Name Specialization: #REF!
Name Specialization: #REF!
Name Summary: #REF!
Name Summary: #REF!
Name SWATPrograms: #REF!
Name SWATPrograms: #REF!

Sheet Login
B2: University Name | C2: Password
B5: Click here to Login

Sheet Non Teaching Staff Detail
A1: UNIVERSITY_ID | B1: UNIVERSITY_NAME | C1: CAMPUS_TYPE | D1: CAMPUS_CITY | E1: Name of the Academic/ Administrative Department | F1: Name of Staff Member (Other than faculty member) | G1: Gender | H1: CNIC No. (e.g. 6001234567890) | I1: Passport No. (only for Foreign Staff Members) | J1: Email | K1: Primary Cell No. (0000-0000000) | L1: Nationality (Country Name) | M1: Actual Designation (As per Appointment/ Promotion) | N1: "Any Other" Only in Case Designation is not available in Dropdown list | O1: Additional Charge (if any) | P1: Highest Degree Level (only Completed) | Q1: Highest Degree Name (only Completed) | R1: Subject of Specialization of Highest Degree | S1: Highest Degree Awarding Institute | T1: Employment Type | U1: Pay Scale (if Applicable) | V1: Date of Birth | W1: Date of Joining | X1: Relieving/Retirement Date (Only for Relieved Retired Faculty Members) | Y1: Working Status FY 2023-24 | Z1: Working Status FY 2024-25 | AA1: University Comments | AB1: System Comments | AC1: HEC Comments | AE1: Field Count | AF1: Age at Joining
A2: =IFERROR(INDEX(PQR_Dept!$A$2:$A$21166, MATCH(B2, PQR_Dept!$B$2:$B$21106, 0)), "") | AB2: =IF(AE2 > 0, IFERROR(IF(AND(AE2 > 0, AE2 < 16), "Mandatory Field(s) is/are missing, please populate all fields with relevant information", IF(AND(Staf_Detail_2022_23[[#This Row],[Nationality (Country Name)]] = "Pakistan", Staf_Detail_2022_23[[#This Row],[CNIC No. (e.g. 6001234567890)]] = ""), "Please Provide CNIC # in Column H", IF(AND(Staf_Detail_2022_23[[#This Row],[Nationality (Country Name)]] <> "Pakistan", Staf_Detail_2022_23[[#This Row],[Nationality (Country Name)]] <> "", Staf_Detail_2022_23[[#This Row],[Passport No. (only for Foreign Staff Members)]] = ""),"Please provide Passport No. in Column I", IF(AND(Staf_Detail_2022_23[[#This Row],[Actual Designation (As per Appointment/ Promotion)]] = "Any other (Please specify in Next Column)", Staf_Detail_2022_23[[#This Row],["Any Other" Only in Case Designation is not available in Dropdown list]] = ""), "Please Enter Designation in Column N", IF(AND(Staf_Detail_2022_23[[#This Row],[Highest Degree Level (only Completed)]] <> "Intermediate (HSSC) and Below", Staf_Detail_2022_23[[#This Row],[Highest Degree Name (only Completed)]] = ""), "Value in Column Q is Required", IF(AND(Staf_Detail_2022_23[[#This Row],[Highest Degree Level (only Completed)]] <> "Intermediate (HSSC) and Below", Staf_Detail_2022_23[[#This Row],[Subject of Specialization of Highest Degree]] = ""), "Value in Column R is Required", IF(AND(Staf_Detail_2022_23[[#This Row],[Highest Degree Level (only Completed)]] <> "Intermediate (HSSC) and Below", S2 = ""), "Value in Column S is Required", IF(AF2 < 15, "At the time of Joining, age must be greater than 15 years", IF(AND(W2 > DATEVALUE("30/6/2024"), Y2 = "Working"), "Column W and Y Logically Mismatched", IF(AND(X2 < DATEVALUE("1/7/2025"), Z2 = "Working", X2 <> ""), "Column X and Z Logically Mismatched", IF(AND(X2 <> "", W2 >= X2), "Column W and X Logically Missmatched",""))))))))))), ""), "") | AE2: =IF(B2 <> "", COUNTA(Y2:Z2,V2:W2,T2,P2:Q2,K2:M2,B2:G2), COUNTA(Y2:Z2,V2:W2,T2,P2:Q2,K2:M2,C2:G2)) -> 0 | AF2: =YEARFRAC(V2,W2) -> 0
A3: =IFERROR(INDEX(PQR_Dept!$A$2:$A$21166, MATCH(B3, PQR_Dept!$B$2:$B$21106, 0)), "") | AB3: =IF(AE3 > 0, IFERROR(IF(AND(AE3 > 0, AE3 < 16), "Mandatory Field(s) is/are missing, please populate all fields with relevant information", IF(AND(Staf_Detail_2022_23[[#This Row],[Nationality (Country Name)]] = "Pakistan", Staf_Detail_2022_23[[#This Row],[CNIC No. (e.g. 6001234567890)]] = ""), "Please Provide CNIC # in Column H", IF(AND(Staf_Detail_2022_23[[#This Row],[Nationality (Country Name)]] <> "Pakistan", Staf_Detail_2022_23[[#This Row],[Nationality (Country Name)]] <> "", Staf_Detail_2022_23[[#This Row],[Passport No. (only for Foreign Staff Members)]] = ""),"Please provide Passport No. in Column I", IF(AND(Staf_Detail_2022_23[[#This Row],[Actual Designation (As per Appointment/ Promotion)]] = "Any other (Please specify in Next Column)", Staf_Detail_2022_23[[#This Row],["Any Other" Only in Case Designation is not available in Dropdown list]] = ""), "Please Enter Designation in Column N", IF(AND(Staf_Detail_2022_23[[#This Row],[Highest Degree Level (only Completed)]] <> "Intermediate (HSSC) and Below", Staf_Detail_2022_23[[#This Row],[Highest Degree Name (only Completed)]] = ""), "Value in Column Q is Required", IF(AND(Staf_Detail_2022_23[[#This Row],[Highest Degree Level (only Completed)]] <> "Intermediate (HSSC) and Below", Staf_Detail_2022_23[[#This Row],[Subject of Specialization of Highest Degree]] = ""), "Value in Column R is Required", IF(AND(Staf_Detail_2022_23[[#This Row],[Highest Degree Level (only Completed)]] <> "Intermediate (HSSC) and Below", S3 = ""), "Value in Column S is Required", IF(AF3 < 15, "At the time of Joining, age must be greater than 15 years", IF(AND(W3 > DATEVALUE("30/6/2024"), Y3 = "Working"), "Column W and Y Logically Mismatched", IF(AND(X3 < DATEVALUE("1/7/2025"), Z3 = "Working", X3 <> ""), "Column X and Z Logically Mismatched", IF(AND(X3 <> "", W3 >= X3), "Column W and X Logically Missmatched",""))))))))))), ""), "") | AE3: =IF(B3 <> "", COUNTA(Y3:Z3,V3:W3,T3,P3:Q3,K3:M3,B3:G3), 0) -> 0 | AF3: =YEARFRAC(V3,W3) -> 0
A4: =IFERROR(INDEX(PQR_Dept!$A$2:$A$21166, MATCH(B4, PQR_Dept!$B$2:$B$21106, 0)), "") | AB4: =IF(AE4 > 0, IFERROR(IF(AND(AE4 > 0, AE4 < 16), "Mandatory Field(s) is/are missing, please populate all fields with relevant information", IF(AND(Staf_Detail_2022_23[[#This Row],[Nationality (Country Name)]] = "Pakistan", Staf_Detail_2022_23[[#This Row],[CNIC No. (e.g. 6001234567890)]] = ""), "Please Provide CNIC # in Column H", IF(AND(Staf_Detail_2022_23[[#This Row],[Nationality (Country Name)]] <> "Pakistan", Staf_Detail_2022_23[[#This Row],[Nationality (Country Name)]] <> "", Staf_Detail_2022_23[[#This Row],[Passport No. (only for Foreign Staff Members)]] = ""),"Please provide Passport No. in Column I", IF(AND(Staf_Detail_2022_23[[#This Row],[Actual Designation (As per Appointment/ Promotion)]] = "Any other (Please specify in Next Column)", Staf_Detail_2022_23[[#This Row],["Any Other" Only in Case Designation is not available in Dropdown list]] = ""), "Please Enter Designation in Column N", IF(AND(Staf_Detail_2022_23[[#This Row],[Highest Degree Level (only Completed)]] <> "Intermediate (HSSC) and Below", Staf_Detail_2022_23[[#This Row],[Highest Degree Name (only Completed)]] = ""), "Value in Column Q is Required", IF(AND(Staf_Detail_2022_23[[#This Row],[Highest Degree Level (only Completed)]] <> "Intermediate (HSSC) and Below", Staf_Detail_2022_23[[#This Row],[Subject of Specialization of Highest Degree]] = ""), "Value in Column R is Required", IF(AND(Staf_Detail_2022_23[[#This Row],[Highest Degree Level (only Completed)]] <> "Intermediate (HSSC) and Below", S4 = ""), "Value in Column S is Required", IF(AF4 < 15, "At the time of Joining, age must be greater than 15 years", IF(AND(W4 > DATEVALUE("30/6/2024"), Y4 = "Working"), "Column W and Y Logically Mismatched", IF(AND(X4 < DATEVALUE("1/7/2025"), Z4 = "Working", X4 <> ""), "Column X and Z Logically Mismatched", IF(AND(X4 <> "", W4 >= X4), "Column W and X Logically Missmatched",""))))))))))), ""), "") | AE4: =IF(B4 <> "", COUNTA(Y4:Z4,V4:W4,T4,P4:Q4,K4:M4,B4:G4), 0) -> 0 | AF4: =YEARFRAC(V4,W4) -> 0
A5: =IFERROR(INDEX(PQR_Dept!$A$2:$A$21166, MATCH(B5, PQR_Dept!$B$2:$B$21106, 0)), "") | AB5: =IF(AE5 > 0, IFERROR(IF(AND(AE5 > 0, AE5 < 16), "Mandatory Field(s) is/are missing, please populate all fields with relevant information", IF(AND(Staf_Detail_2022_23[[#This Row],[Nationality (Country Name)]] = "Pakistan", Staf_Detail_2022_23[[#This Row],[CNIC No. (e.g. 6001234567890)]] = ""), "Please Provide CNIC # in Column H", IF(AND(Staf_Detail_2022_23[[#This Row],[Nationality (Country Name)]] <> "Pakistan", Staf_Detail_2022_23[[#This Row],[Nationality (Country Name)]] <> "", Staf_Detail_2022_23[[#This Row],[Passport No. (only for Foreign Staff Members)]] = ""),"Please provide Passport No. in Column I", IF(AND(Staf_Detail_2022_23[[#This Row],[Actual Designation (As per Appointment/ Promotion)]] = "Any other (Please specify in Next Column)", Staf_Detail_2022_23[[#This Row],["Any Other" Only in Case Designation is not available in Dropdown list]] = ""), "Please Enter Designation in Column N", IF(AND(Staf_Detail_2022_23[[#This Row],[Highest Degree Level (only Completed)]] <> "Intermediate (HSSC) and Below", Staf_Detail_2022_23[[#This Row],[Highest Degree Name (only Completed)]] = ""), "Value in Column Q is Required", IF(AND(Staf_Detail_2022_23[[#This Row],[Highest Degree Level (only Completed)]] <> "Intermediate (HSSC) and Below", Staf_Detail_2022_23[[#This Row],[Subject of Specialization of Highest Degree]] = ""), "Value in Column R is Required", IF(AND(Staf_Detail_2022_23[[#This Row],[Highest Degree Level (only Completed)]] <> "Intermediate (HSSC) and Below", S5 = ""), "Value in Column S is Required", IF(AF5 < 15, "At the time of Joining, age must be greater than 15 years", IF(AND(W5 > DATEVALUE("30/6/2024"), Y5 = "Working"), "Column W and Y Logically Mismatched", IF(AND(X5 < DATEVALUE("1/7/2025"), Z5 = "Working", X5 <> ""), "Column X and Z Logically Mismatched", IF(AND(X5 <> "", W5 >= X5), "Column W and X Logically Missmatched",""))))))))))), ""), "") | AE5: =IF(B5 <> "", COUNTA(Y5:Z5,V5:W5,T5,P5:Q5,K5:M5,B5:G5), 0) -> 0 | AF5: =YEARFRAC(V5,W5) -> 0
A6: =IFERROR(INDEX(PQR_Dept!$A$2:$A$21166, MATCH(B6, PQR_Dept!$B$2:$B$21106, 0)), "") | AB6: =IF(AE6 > 0, IFERROR(IF(AND(AE6 > 0, AE6 < 16), "Mandatory Field(s) is/are missing, please populate all fields with relevant information", IF(AND(Staf_Detail_2022_23[[#This Row],[Nationality (Country Name)]] = "Pakistan", Staf_Detail_2022_23[[#This Row],[CNIC No. (e.g. 6001234567890)]] = ""), "Please Provide CNIC # in Column H", IF(AND(Staf_Detail_2022_23[[#This Row],[Nationality (Country Name)]] <> "Pakistan", Staf_Detail_2022_23[[#This Row],[Nationality (Country Name)]] <> "", Staf_Detail_2022_23[[#This Row],[Passport No. (only for Foreign Staff Members)]] = ""),"Please provide Passport No. in Column I", IF(AND(Staf_Detail_2022_23[[#This Row],[Actual Designation (As per Appointment/ Promotion)]] = "Any other (Please specify in Next Column)", Staf_Detail_2022_23[[#This Row],["Any Other" Only in Case Designation is not available in Dropdown list]] = ""), "Please Enter Designation in Column N", IF(AND(Staf_Detail_2022_23[[#This Row],[Highest Degree Level (only Completed)]] <> "Intermediate (HSSC) and Below", Staf_Detail_2022_23[[#This Row],[Highest Degree Name (only Completed)]] = ""), "Value in Column Q is Required", IF(AND(Staf_Detail_2022_23[[#This Row],[Highest Degree Level (only Completed)]] <> "Intermediate (HSSC) and Below", Staf_Detail_2022_23[[#This Row],[Subject of Specialization of Highest Degree]] = ""), "Value in Column R is Required", IF(AND(Staf_Detail_2022_23[[#This Row],[Highest Degree Level (only Completed)]] <> "Intermediate (HSSC) and Below", S6 = ""), "Value in Column S is Required", IF(AF6 < 15, "At the time of Joining, age must be greater than 15 years", IF(AND(W6 > DATEVALUE("30/6/2024"), Y6 = "Working"), "Column W and Y Logically Mismatched", IF(AND(X6 < DATEVALUE("1/7/2025"), Z6 = "Working", X6 <> ""), "Column X and Z Logically Mismatched", IF(AND(X6 <> "", W6 >= X6), "Column W and X Logically Missmatched",""))))))))))), ""), "") | AE6: =IF(B6 <> "", COUNTA(Y6:Z6,V6:W6,T6,P6:Q6,K6:M6,B6:G6), 0) -> 0 | AF6: =YEARFRAC(V6,W6) -> 0
A7: =IFERROR(INDEX(PQR_Dept!$A$2:$A$21166, MATCH(B7, PQR_Dept!$B$2:$B$21106, 0)), "") | AB7: =IF(AE7 > 0, IFERROR(IF(AND(AE7 > 0, AE7 < 16), "Mandatory Field(s) is/are missing, please populate all fields with relevant information", IF(AND(Staf_Detail_2022_23[[#This Row],[Nationality (Country Name)]] = "Pakistan", Staf_Detail_2022_23[[#This Row],[CNIC No. (e.g. 6001234567890)]] = ""), "Please Provide CNIC # in Column H", IF(AND(Staf_Detail_2022_23[[#This Row],[Nationality (Country Name)]] <> "Pakistan", Staf_Detail_2022_23[[#This Row],[Nationality (Country Name)]] <> "", Staf_Detail_2022_23[[#This Row],[Passport No. (only for Foreign Staff Members)]] = ""),"Please provide Passport No. in Column I", IF(AND(Staf_Detail_2022_23[[#This Row],[Actual Designation (As per Appointment/ Promotion)]] = "Any other (Please specify in Next Column)", Staf_Detail_2022_23[[#This Row],["Any Other" Only in Case Designation is not available in Dropdown list]] = ""), "Please Enter Designation in Column N", IF(AND(Staf_Detail_2022_23[[#This Row],[Highest Degree Level (only Completed)]] <> "Intermediate (HSSC) and Below", Staf_Detail_2022_23[[#This Row],[Highest Degree Name (only Completed)]] = ""), "Value in Column Q is Required", IF(AND(Staf_Detail_2022_23[[#This Row],[Highest Degree Level (only Completed)]] <> "Intermediate (HSSC) and Below", Staf_Detail_2022_23[[#This Row],[Subject of Specialization of Highest Degree]] = ""), "Value in Column R is Required", IF(AND(Staf_Detail_2022_23[[#This Row],[Highest Degree Level (only Completed)]] <> "Intermediate (HSSC) and Below", S7 = ""), "Value in Column S is Required", IF(AF7 < 15, "At the time of Joining, age must be greater than 15 years", IF(AND(W7 > DATEVALUE("30/6/2024"), Y7 = "Working"), "Column W and Y Logically Mismatched", IF(AND(X7 < DATEVALUE("1/7/2025"), Z7 = "Working", X7 <> ""), "Column X and Z Logically Mismatched", IF(AND(X7 <> "", W7 >= X7), "Column W and X Logically Missmatched",""))))))))))), ""), "") | AE7: =IF(B7 <> "", COUNTA(Y7:Z7,V7:W7,T7,P7:Q7,K7:M7,B7:G7), 0) -> 0 | AF7: =YEARFRAC(V7,W7) -> 0
A8: =IFERROR(INDEX(PQR_Dept!$A$2:$A$21166, MATCH(B8, PQR_Dept!$B$2:$B$21106, 0)), "") | AB8: =IF(AE8 > 0, IFERROR(IF(AND(AE8 > 0, AE8 < 16), "Mandatory Field(s) is/are missing, please populate all fields with relevant information", IF(AND(Staf_Detail_2022_23[[#This Row],[Nationality (Country Name)]] = "Pakistan", Staf_Detail_2022_23[[#This Row],[CNIC No. (e.g. 6001234567890)]] = ""), "Please Provide CNIC # in Column H", IF(AND(Staf_Detail_2022_23[[#This Row],[Nationality (Country Name)]] <> "Pakistan", Staf_Detail_2022_23[[#This Row],[Nationality (Country Name)]] <> "", Staf_Detail_2022_23[[#This Row],[Passport No. (only for Foreign Staff Members)]] = ""),"Please provide Passport No. in Column I", IF(AND(Staf_Detail_2022_23[[#This Row],[Actual Designation (As per Appointment/ Promotion)]] = "Any other (Please specify in Next Column)", Staf_Detail_2022_23[[#This Row],["Any Other" Only in Case Designation is not available in Dropdown list]] = ""), "Please Enter Designation in Column N", IF(AND(Staf_Detail_2022_23[[#This Row],[Highest Degree Level (only Completed)]] <> "Intermediate (HSSC) and Below", Staf_Detail_2022_23[[#This Row],[Highest Degree Name (only Completed)]] = ""), "Value in Column Q is Required", IF(AND(Staf_Detail_2022_23[[#This Row],[Highest Degree Level (only Completed)]] <> "Intermediate (HSSC) and Below", Staf_Detail_2022_23[[#This Row],[Subject of Specialization of Highest Degree]] = ""), "Value in Column R is Required", IF(AND(Staf_Detail_2022_23[[#This Row],[Highest Degree Level (only Completed)]] <> "Intermediate (HSSC) and Below", S8 = ""), "Value in Column S is Required", IF(AF8 < 15, "At the time of Joining, age must be greater than 15 years", IF(AND(W8 > DATEVALUE("30/6/2024"), Y8 = "Working"), "Column W and Y Logically Mismatched", IF(AND(X8 < DATEVALUE("1/7/2025"), Z8 = "Working", X8 <> ""), "Column X and Z Logically Mismatched", IF(AND(X8 <> "", W8 >= X8), "Column W and X Logically Missmatched",""))))))))))), ""), "") | AE8: =IF(B8 <> "", COUNTA(Y8:Z8,V8:W8,T8,P8:Q8,K8:M8,B8:G8), 0) -> 0 | AF8: =YEARFRAC(V8,W8) -> 0
A9: =IFERROR(INDEX(PQR_Dept!$A$2:$A$21166, MATCH(B9, PQR_Dept!$B$2:$B$21106, 0)), "") | AB9: =IF(AE9 > 0, IFERROR(IF(AND(AE9 > 0, AE9 < 16), "Mandatory Field(s) is/are missing, please populate all fields with relevant information", IF(AND(Staf_Detail_2022_23[[#This Row],[Nationality (Country Name)]] = "Pakistan", Staf_Detail_2022_23[[#This Row],[CNIC No. (e.g. 6001234567890)]] = ""), "Please Provide CNIC # in Column H", IF(AND(Staf_Detail_2022_23[[#This Row],[Nationality (Country Name)]] <> "Pakistan", Staf_Detail_2022_23[[#This Row],[Nationality (Country Name)]] <> "", Staf_Detail_2022_23[[#This Row],[Passport No. (only for Foreign Staff Members)]] = ""),"Please provide Passport No. in Column I", IF(AND(Staf_Detail_2022_23[[#This Row],[Actual Designation (As per Appointment/ Promotion)]] = "Any other (Please specify in Next Column)", Staf_Detail_2022_23[[#This Row],["Any Other" Only in Case Designation is not available in Dropdown list]] = ""), "Please Enter Designation in Column N", IF(AND(Staf_Detail_2022_23[[#This Row],[Highest Degree Level (only Completed)]] <> "Intermediate (HSSC) and Below", Staf_Detail_2022_23[[#This Row],[Highest Degree Name (only Completed)]] = ""), "Value in Column Q is Required", IF(AND(Staf_Detail_2022_23[[#This Row],[Highest Degree Level (only Completed)]] <> "Intermediate (HSSC) and Below", Staf_Detail_2022_23[[#This Row],[Subject of Specialization of Highest Degree]] = ""), "Value in Column R is Required", IF(AND(Staf_Detail_2022_23[[#This Row],[Highest Degree Level (only Completed)]] <> "Intermediate (HSSC) and Below", S9 = ""), "Value in Column S is Required", IF(AF9 < 15, "At the time of Joining, age must be greater than 15 years", IF(AND(W9 > DATEVALUE("30/6/2024"), Y9 = "Working"), "Column W and Y Logically Mismatched", IF(AND(X9 < DATEVALUE("1/7/2025"), Z9 = "Working", X9 <> ""), "Column X and Z Logically Mismatched", IF(AND(X9 <> "", W9 >= X9), "Column W and X Logically Missmatched",""))))))))))), ""), "") | AE9: =IF(B9 <> "", COUNTA(Y9:Z9,V9:W9,T9,P9:Q9,K9:M9,B9:G9), 0) -> 0 | AF9: =YEARFRAC(V9,W9) -> 0
A10: =IFERROR(INDEX(PQR_Dept!$A$2:$A$21166, MATCH(B10, PQR_Dept!$B$2:$B$21106, 0)), "") | AB10: =IF(AE10 > 0, IFERROR(IF(AND(AE10 > 0, AE10 < 16), "Mandatory Field(s) is/are missing, please populate all fields with relevant information", IF(AND(Staf_Detail_2022_23[[#This Row],[Nationality (Country Name)]] = "Pakistan", Staf_Detail_2022_23[[#This Row],[CNIC No. (e.g. 6001234567890)]] = ""), "Please Provide CNIC # in Column H", IF(AND(Staf_Detail_2022_23[[#This Row],[Nationality (Country Name)]] <> "Pakistan", Staf_Detail_2022_23[[#This Row],[Nationality (Country Name)]] <> "", Staf_Detail_2022_23[[#This Row],[Passport No. (only for Foreign Staff Members)]] = ""),"Please provide Passport No. in Column I", IF(AND(Staf_Detail_2022_23[[#This Row],[Actual Designation (As per Appointment/ Promotion)]] = "Any other (Please specify in Next Column)", Staf_Detail_2022_23[[#This Row],["Any Other" Only in Case Designation is not available in Dropdown list]] = ""), "Please Enter Designation in Column N", IF(AND(Staf_Detail_2022_23[[#This Row],[Highest Degree Level (only Completed)]] <> "Intermediate (HSSC) and Below", Staf_Detail_2022_23[[#This Row],[Highest Degree Name (only Completed)]] = ""), "Value in Column Q is Required", IF(AND(Staf_Detail_2022_23[[#This Row],[Highest Degree Level (only Completed)]] <> "Intermediate (HSSC) and Below", Staf_Detail_2022_23[[#This Row],[Subject of Specialization of Highest Degree]] = ""), "Value in Column R is Required", IF(AND(Staf_Detail_2022_23[[#This Row],[Highest Degree Level (only Completed)]] <> "Intermediate (HSSC) and Below", S10 = ""), "Value in Column S is Required", IF(AF10 < 15, "At the time of Joining, age must be greater than 15 years", IF(AND(W10 > DATEVALUE("30/6/2024"), Y10 = "Working"), "Column W and Y Logically Mismatched", IF(AND(X10 < DATEVALUE("1/7/2025"), Z10 = "Working", X10 <> ""), "Column X and Z Logically Mismatched", IF(AND(X10 <> "", W10 >= X10), "Column W and X Logically Missmatched",""))))))))))), ""), "") | AE10: =IF(B10 <> "", COUNTA(Y10:Z10,V10:W10,T10,P10:Q10,K10:M10,B10:G10), 0) -> 0 | AF10: =YEARFRAC(V10,W10) -> 0
A11: =IFERROR(INDEX(PQR_Dept!$A$2:$A$21166, MATCH(B11, PQR_Dept!$B$2:$B$21106, 0)), "") | AB11: =IF(AE11 > 0, IFERROR(IF(AND(AE11 > 0, AE11 < 16), "Mandatory Field(s) is/are missing, please populate all fields with relevant information", IF(AND(Staf_Detail_2022_23[[#This Row],[Nationality (Country Name)]] = "Pakistan", Staf_Detail_2022_23[[#This Row],[CNIC No. (e.g. 6001234567890)]] = ""), "Please Provide CNIC # in Column H", IF(AND(Staf_Detail_2022_23[[#This Row],[Nationality (Country Name)]] <> "Pakistan", Staf_Detail_2022_23[[#This Row],[Nationality (Country Name)]] <> "", Staf_Detail_2022_23[[#This Row],[Passport No. (only for Foreign Staff Members)]] = ""),"Please provide Passport No. in Column I", IF(AND(Staf_Detail_2022_23[[#This Row],[Actual Designation (As per Appointment/ Promotion)]] = "Any other (Please specify in Next Column)", Staf_Detail_2022_23[[#This Row],["Any Other" Only in Case Designation is not available in Dropdown list]] = ""), "Please Enter Designation in Column N", IF(AND(Staf_Detail_2022_23[[#This Row],[Highest Degree Level (only Completed)]] <> "Intermediate (HSSC) and Below", Staf_Detail_2022_23[[#This Row],[Highest Degree Name (only Completed)]] = ""), "Value in Column Q is Required", IF(AND(Staf_Detail_2022_23[[#This Row],[Highest Degree Level (only Completed)]] <> "Intermediate (HSSC) and Below", Staf_Detail_2022_23[[#This Row],[Subject of Specialization of Highest Degree]] = ""), "Value in Column R is Required", IF(AND(Staf_Detail_2022_23[[#This Row],[Highest Degree Level (only Completed)]] <> "Intermediate (HSSC) and Below", S11 = ""), "Value in Column S is Required", IF(AF11 < 15, "At the time of Joining, age must be greater than 15 years", IF(AND(W11 > DATEVALUE("30/6/2024"), Y11 = "Working"), "Column W and Y Logically Mismatched", IF(AND(X11 < DATEVALUE("1/7/2025"), Z11 = "Working", X11 <> ""), "Column X and Z Logically Mismatched", IF(AND(X11 <> "", W11 >= X11), "Column W and X Logically Missmatched",""))))))))))), ""), "") | AE11: =IF(B11 <> "", COUNTA(Y11:Z11,V11:W11,T11,P11:Q11,K11:M11,B11:G11), 0) -> 0 | AF11: =YEARFRAC(V11,W11) -> 0
A12: =IFERROR(INDEX(PQR_Dept!$A$2:$A$21166, MATCH(B12, PQR_Dept!$B$2:$B$21106, 0)), "") | AB12: =IF(AE12 > 0, IFERROR(IF(AND(AE12 > 0, AE12 < 16), "Mandatory Field(s) is/are missing, please populate all fields with relevant information", IF(AND(Staf_Detail_2022_23[[#This Row],[Nationality (Country Name)]] = "Pakistan", Staf_Detail_2022_23[[#This Row],[CNIC No. (e.g. 6001234567890)]] = ""), "Please Provide CNIC # in Column H", IF(AND(Staf_Detail_2022_23[[#This Row],[Nationality (Country Name)]] <> "Pakistan", Staf_Detail_2022_23[[#This Row],[Nationality (Country Name)]] <> "", Staf_Detail_2022_23[[#This Row],[Passport No. (only for Foreign Staff Members)]] = ""),"Please provide Passport No. in Column I", IF(AND(Staf_Detail_2022_23[[#This Row],[Actual Designation (As per Appointment/ Promotion)]] = "Any other (Please specify in Next Column)", Staf_Detail_2022_23[[#This Row],["Any Other" Only in Case Designation is not available in Dropdown list]] = ""), "Please Enter Designation in Column N", IF(AND(Staf_Detail_2022_23[[#This Row],[Highest Degree Level (only Completed)]] <> "Intermediate (HSSC) and Below", Staf_Detail_2022_23[[#This Row],[Highest Degree Name (only Completed)]] = ""), "Value in Column Q is Required", IF(AND(Staf_Detail_2022_23[[#This Row],[Highest Degree Level (only Completed)]] <> "Intermediate (HSSC) and Below", Staf_Detail_2022_23[[#This Row],[Subject of Specialization of Highest Degree]] = ""), "Value in Column R is Required", IF(AND(Staf_Detail_2022_23[[#This Row],[Highest Degree Level (only Completed)]] <> "Intermediate (HSSC) and Below", S12 = ""), "Value in Column S is Required", IF(AF12 < 15, "At the time of Joining, age must be greater than 15 years", IF(AND(W12 > DATEVALUE("30/6/2024"), Y12 = "Working"), "Column W and Y Logically Mismatched", IF(AND(X12 < DATEVALUE("1/7/2025"), Z12 = "Working", X12 <> ""), "Column X and Z Logically Mismatched", IF(AND(X12 <> "", W12 >= X12), "Column W and X Logically Missmatched",""))))))))))), ""), "") | AE12: =IF(B12 <> "", COUNTA(Y12:Z12,V12:W12,T12,P12:Q12,K12:M12,B12:G12), 0) -> 0 | AF12: =YEARFRAC(V12,W12) -> 0
A13: =IFERROR(INDEX(PQR_Dept!$A$2:$A$21166, MATCH(B13, PQR_Dept!$B$2:$B$21106, 0)), "") | AB13: =IF(AE13 > 0, IFERROR(IF(AND(AE13 > 0, AE13 < 16), "Mandatory Field(s) is/are missing, please populate all fields with relevant information", IF(AND(Staf_Detail_2022_23[[#This Row],[Nationality (Country Name)]] = "Pakistan", Staf_Detail_2022_23[[#This Row],[CNIC No. (e.g. 6001234567890)]] = ""), "Please Provide CNIC # in Column H", IF(AND(Staf_Detail_2022_23[[#This Row],[Nationality (Country Name)]] <> "Pakistan", Staf_Detail_2022_23[[#This Row],[Nationality (Country Name)]] <> "", Staf_Detail_2022_23[[#This Row],[Passport No. (only for Foreign Staff Members)]] = ""),"Please provide Passport No. in Column I", IF(AND(Staf_Detail_2022_23[[#This Row],[Actual Designation (As per Appointment/ Promotion)]] = "Any other (Please specify in Next Column)", Staf_Detail_2022_23[[#This Row],["Any Other" Only in Case Designation is not available in Dropdown list]] = ""), "Please Enter Designation in Column N", IF(AND(Staf_Detail_2022_23[[#This Row],[Highest Degree Level (only Completed)]] <> "Intermediate (HSSC) and Below", Staf_Detail_2022_23[[#This Row],[Highest Degree Name (only Completed)]] = ""), "Value in Column Q is Required", IF(AND(Staf_Detail_2022_23[[#This Row],[Highest Degree Level (only Completed)]] <> "Intermediate (HSSC) and Below", Staf_Detail_2022_23[[#This Row],[Subject of Specialization of Highest Degree]] = ""), "Value in Column R is Required", IF(AND(Staf_Detail_2022_23[[#This Row],[Highest Degree Level (only Completed)]] <> "Intermediate (HSSC) and Below", S13 = ""), "Value in Column S is Required", IF(AF13 < 15, "At the time of Joining, age must be greater than 15 years", IF(AND(W13 > DATEVALUE("30/6/2024"), Y13 = "Working"), "Column W and Y Logically Mismatched", IF(AND(X13 < DATEVALUE("1/7/2025"), Z13 = "Working", X13 <> ""), "Column X and Z Logically Mismatched", IF(AND(X13 <> "", W13 >= X13), "Column W and X Logically Missmatched",""))))))))))), ""), "") | AE13: =IF(B13 <> "", COUNTA(Y13:Z13,V13:W13,T13,P13:Q13,K13:M13,B13:G13), 0) -> 0 | AF13: =YEARFRAC(V13,W13) -> 0
A14: =IFERROR(INDEX(PQR_Dept!$A$2:$A$21166, MATCH(B14, PQR_Dept!$B$2:$B$21106, 0)), "") | AB14: =IF(AE14 > 0, IFERROR(IF(AND(AE14 > 0, AE14 < 16), "Mandatory Field(s) is/are missing, please populate all fields with relevant information", IF(AND(Staf_Detail_2022_23[[#This Row],[Nationality (Country Name)]] = "Pakistan", Staf_Detail_2022_23[[#This Row],[CNIC No. (e.g. 6001234567890)]] = ""), "Please Provide CNIC # in Column H", IF(AND(Staf_Detail_2022_23[[#This Row],[Nationality (Country Name)]] <> "Pakistan", Staf_Detail_2022_23[[#This Row],[Nationality (Country Name)]] <> "", Staf_Detail_2022_23[[#This Row],[Passport No. (only for Foreign Staff Members)]] = ""),"Please provide Passport No. in Column I", IF(AND(Staf_Detail_2022_23[[#This Row],[Actual Designation (As per Appointment/ Promotion)]] = "Any other (Please specify in Next Column)", Staf_Detail_2022_23[[#This Row],["Any Other" Only in Case Designation is not available in Dropdown list]] = ""), "Please Enter Designation in Column N", IF(AND(Staf_Detail_2022_23[[#This Row],[Highest Degree Level (only Completed)]] <> "Intermediate (HSSC) and Below", Staf_Detail_2022_23[[#This Row],[Highest Degree Name (only Completed)]] = ""), "Value in Column Q is Required", IF(AND(Staf_Detail_2022_23[[#This Row],[Highest Degree Level (only Completed)]] <> "Intermediate (HSSC) and Below", Staf_Detail_2022_23[[#This Row],[Subject of Specialization of Highest Degree]] = ""), "Value in Column R is Required", IF(AND(Staf_Detail_2022_23[[#This Row],[Highest Degree Level (only Completed)]] <> "Intermediate (HSSC) and Below", S14 = ""), "Value in Column S is Required", IF(AF14 < 15, "At the time of Joining, age must be greater than 15 years", IF(AND(W14 > DATEVALUE("30/6/2024"), Y14 = "Working"), "Column W and Y Logically Mismatched", IF(AND(X14 < DATEVALUE("1/7/2025"), Z14 = "Working", X14 <> ""), "Column X and Z Logically Mismatched", IF(AND(X14 <> "", W14 >= X14), "Column W and X Logically Missmatched",""))))))))))), ""), "") | AE14: =IF(B14 <> "", COUNTA(Y14:Z14,V14:W14,T14,P14:Q14,K14:M14,B14:G14), 0) -> 0 | AF14: =YEARFRAC(V14,W14) -> 0
... A5000: =IFERROR(INDEX(PQR_Dept!$A$2:$A$21166, MATCH(B5000, PQR_Dept!$B$2:$B$21106, 0)), "") | AB5000: =IF(AE5000 > 0, IFERROR(IF(AND(AE5000 > 0, AE5000 < 16), "Mandatory Field(s) is/are missing, please populate all fields with relevant information", IF(AND(Staf_Detail_2022_23[[#This Row],[Nationality (Country Name)]] = "Pakistan", Staf_Detail_2022_23[[#This Row],[CNIC No. (e.g. 6001234567890)]] = ""), "Please Provide CNIC # in Column H", IF(AND(Staf_Detail_2022_23[[#This Row],[Nationality (Country Name)]] <> "Pakistan", Staf_Detail_2022_23[[#This Row],[Nationality (Country Name)]] <> "", Staf_Detail_2022_23[[#This Row],[Passport No. (only for Foreign Staff Members)]] = ""),"Please provide Passport No. in Column I", IF(AND(Staf_Detail_2022_23[[#This Row],[Actual Designation (As per Appointment/ Promotion)]] = "Any other (Please specify in Next Column)", Staf_Detail_2022_23[[#This Row],["Any Other" Only in Case Designation is not available in Dropdown list]] = ""), "Please Enter Designation in Column N", IF(AND(Staf_Detail_2022_23[[#This Row],[Highest Degree Level (only Completed)]] <> "Intermediate (HSSC) and Below", Staf_Detail_2022_23[[#This Row],[Highest Degree Name (only Completed)]] = ""), "Value in Column Q is Required", IF(AND(Staf_Detail_2022_23[[#This Row],[Highest Degree Level (only Completed)]] <> "Intermediate (HSSC) and Below", Staf_Detail_2022_23[[#This Row],[Subject of Specialization of Highest Degree]] = ""), "Value in Column R is Required", IF(AND(Staf_Detail_2022_23[[#This Row],[Highest Degree Level (only Completed)]] <> "Intermediate (HSSC) and Below", S5000 = ""), "Value in Column S is Required", IF(AF5000 < 15, "At the time of Joining, age must be greater than 15 years", IF(AND(W5000 > DATEVALUE("30/6/2024"), Y5000 = "Working"), "Column W and Y Logically Mismatched", IF(AND(X5000 < DATEVALUE("1/7/2025"), Z5000 = "Working", X5000 <> ""), "Column X and Z Logically Mismatched", IF(AND(X5000 <> "", W5000 >= X5000), "Column W and X Logically Missmatched",""))))))))))), ""), "") | AE5000: =IF(B5000 <> "", COUNTA(Y5000:Z5000,V5000:W5000,T5000,P5000:Q5000,K5000:M5000,B5000:G5000), 0) -> 0 | AF5000: =YEARFRAC(V5000,W5000) -> 0

Sheet Sheet3 (2)
A1: Home | S1: List of Countries | T1: Actual Designation | U1: Highest Degree Awarding Institute | V1: HEI Name | W1: Types of Disability | X1: Subjects | Y1: Working Status FY 2021-22 (Working/Not-Working) | Z1: CAMPUS_TYPE | AA1: List of Cities in Pakistan | AB1: Experience | AC1: Employment Type (Permanent/ Contractual/ Contingent/ Daily Wages etc.)*
A2: Public | B2: AJ&K | C2: Category of University | D2: Nationality of Student | E2: Enrollment Type | F2: Quota | G2: Quota for Detail | I2: Current Semester No. | J2: Batch Session | K2: Batch Start Sem | L2: Batch Start Year | M2: Degree Duration | N2: Level of Education | O2: List of Accreditation Councils | P2: Name of Facility | Q2: Nationality Type | R2: Gender | S2: Afghanistan | T2: Academic Coordinator | U2: Abdullah Bin Masoud University------Afghanistan | V2: Abasyn University, Peshawar | W2: Vision Impairment | X2: ‘Start your own business’ courses----(HEDR 1106) | Y2: Working | Z2: Affiliated College | AA2: Abbottabad | AB2: 0.5 | AC2: Permanent
A3: Private | B3: Balochistan | C3: Agriculture & Veterinary Sciences | D3: Pakistani | E3: Regular | F3: Open Merit | G3: Differently Abled Persons | H3: Main Campus | I3: 1 | J3: Morning | K3: Fall | L3: 2010 | M3: 1 Year | N3: Bachelor (14 Years) Degree | O3: National Accreditation Council for Teachers Education (NACTE) | P3: ATMs | Q3: Overseas Pakistani | R3: Male | S3: Albania | T3: Accountant | U3: Alberuni University------Afghanistan | V3: Abbottabad University of Science & Technology (AUST), Abbottabad | W3: Deaf or hard of hearing | X3: Abseiling (leisure)----(HEDR 1848) | Y3: Not Working | Z3: Approved Study Centres | AA3: Adezai | AB3: 1 | AC3: Contractual
B4: Federal | C4: Arts & Design | D4: Foreign | E4: Distance Learning | F4: Self Finance | G4: Minorities | H4: Sub-Campus | I4: 2 | J4: Afternoon | K4: Spring | L4: 2011 | M4: 2 Years | N4: Bachelor (15 Years) Degree | O4: National Agricultural Education Accreditation Council (NAEAC) | P4: Auditorium(s) | Q4: Dual Nationality | R4: Female | S4: Algeria | T4: Additional Director | U4: Badakhshan Medical Faculty------Afghanistan | V4: Abdul Wali Khan University, Mardan | W4: Mental health conditions | X4: Accountancy, Management & Law----(HEDR 0001) | Z4: College | AA4: Ahmed Nager Chatha | AB4: 1.5 | AC4: Contingent
B5: Gilgit-Baltistan | C5: Computer Science & Information Technology | E5: Private Candidates | F5: Scholarship | G5: Sports | H5: Constituent College | I5: 3 | J5: Evening | K5: Summer | L5: 2012 | M5: 3 Years | N5: Bachelor (16 Years) Degree | O5: National Business Education Accreditation Council (NBEAC) | P5: Bookstore | Q5: Foreigner | R5: Transgender | S5: Andorra | T5: Additional Registrar | U5: Balkh Pedagogical College------Afghanistan | V5: Aga Khan University, Karachi | W5: Intellectual disability | X5: Accounting----(HEDR 1089) | Z5: Constituent College | AA5: Ahmedpur East | AB5: 2 | AC5: Daily Wages
B6: Khyber Pakhtunkhwa | C6: Engineering & Technology | G6: Provincial | I6: 4 | J6: Weekend | K6: Annual System | L6: 2013 | M6: 4 Years | N6: Bachelor (17 Years) Degree | O6: National Computing Education Accreditation Council (NCEAC) | P6: Buses | S6: Angola | T6: Admin Officer | U6: Balkh University------Afghanistan | V6: Air University, Islamabad | W6: Acquired brain injury | X6: Accounting & Finance----(HEDR 0003) | Z6: Main Campus | AA6: Ali Bandar | AB6: 2.5 | AC6: Any other (Please Specify in University Comments)
A7: Quota Type | B7: Punjab | C7: General | G7: Women | I7: 5 | L7: 2014 | M7: 5 Years | N7: Doctorate Degree (PhD) | O7: National Council for Homoeopathy (NCH) | P7: Cafeterias | S7: Antigua and Barbuda | T7: Admin Supervisor | U7: Faryab Pedagogical College------Afghanistan | V7: Air War College Institute, Karachi | W7: Autism spectrum disorder | X7: Acoustics----(HEDR 1265) | Z7: Private | AA7: Ali Pur | AB7: 3
A8: Differently Abled | B8: Sindh | C8: Management Science | G8: Any Other | I8: 6 | L8: 2015 | M8: 6 Years | N8: FCPS | O8: National Council for Tibb (NCT)​ | P8: Cars | S8: Argentina | T8: Any other (Please specify in Next Column) | U8: Herat Pedagogical College------Afghanistan | V8: Al-Hamd Islamic University, Quetta | W8: Physical disability. | X8: Acting and directing----(HEDR 0956) | Z8: Private Sector Partners | AA8: Amir Chah | AB8: 3.5
A9: Minorities | C9: Medical | I9: 7 | L9: 2016 | M9: 7 Years | N9: Intermediate (HSSC) and Below | O9: National Technology Council (NTC)​​ | P9: CCTV Cameras | S9: Armenia | T9: Assistant | U9: Herat University------Afghanistan | V9: Ali Institute of Education, Lahore | X9: Actuarial science----(HEDR 1286) | Z9: Sub Campus | AA9: Arifwala | AB9: 4
A10: Sports | I10: 8 | L10: 2017 | M10: 8 Years | N10: Master (16 Years) Degree | O10: Pakistan Bar Council (PBC) | P10: Classrooms | S10: Australia | T10: Assistant Controller of Examinations | U10: Kabul Education University------Afghanistan | V10: Al-Karam International Institute, Bhera | X10: Actuarial Science & Risk Management----(HEDR 0005) | AA10: Astor | AB10: 4.5
A11: Gender | I11: 9 | L11: 2018 | N11: Master/ MS (18 Years) Degree | O11: Pakistan Council for Arc​hitects and Town Planners (PCATP) | P11: Coasters/HiAce's | S11: Austria | T11: Assistant Director | U11: Kabul Medical Institute------Afghanistan | V11: AlKhair University, Bhimber | X11: Acupuncture and oriental medicine----(HEDR 1754) | AA11: Attock | AB11: 5
A12: Provincial | I12: 10 | L12: 2019 | N12: M-Phil (18 Years) Degree | O12: Pakistan Engineering Council (PEC) | P12: Generator(s) | S12: Azerbaijan | T12: Assistant Engineer | U12: Kabul Polytechnic Institute------Afghanistan | V12: Allama Iqbal Open University (AIOU), Islamabad | X12: Administration----(HEDR 1107) | AA12: Ayubia | AB12: 5.5
A13: Scholarship | D13: Programs to which Teaching (in case of multiple programs please separate with comma e.g. BS Physic, MS Physics, PhD Physics etc.) | I13: Final Semester | K13: PQR Status | L13: 2020 | N13: MRCP | O13: Pakistan Medical Commission (PMC) | P13: Hostels for Boys | S13: Bahamas | T13: Assistant Librarian | U13: Pohantoon Kabul------Afghanistan | V13: Aror University of Art, Architecture, Design and Heritage, Sukkur | X13: Administrative and secretarial services----(HEDR 1138) | AA13: Baden | AB13: 6
A14: Residential | D14: Bachelor | K14: Active | L14: 2021 | N14: MS leading to PhD | O14: Pakistan Nursing Council (PNC) | P14: Hostels for Faculty Members (Female) | S14: Bahrain | T14: Assistant Network Administrator | U14: Kandahar University------Afghanistan | V14: Bacha Khan University, Charsadda | X14: Administrative Sciences----(HEDR 0006) | AA14: Bagh | AB14: 6.5
A15: Need Based | B15: CNIC Format | D15: Bachelor, Master | K15: Inactive | L15: 2022 | N15: PGD | O15: Pakistan Pharmacy Council (PCP) | P15: Hostels for Faculty Members (Male) | S15: Bangladesh | T15: Assistant Registrar | U15: Khust University------Afghanistan | V15: Bahauddin Zakariya University, Multan | X15: Adult literacy and numeracy teacher training----(HEDR 0853) | AA15: Bagh | AB15: 7
A16: Orphan | D16: Bachelor, MS/M.Phil./MBA 17.5 | N16: Post Doctorate | O16: Pakistan Veterinary Medical Council (PVMC) | P16: Hostels for Girls | S16: Barbados | T16: Assistant Supervisor | U16: Kunduz Pedagogical College------Afghanistan | V16: Bahria University, Islamabad | X16: Advanced Clothing & Fashion----(HEDR 0007) | AA16: Bahawalnagar | AB16: 7.5
A17: Hafiz e Quran | D17: Bachelor, PhD | O17: Non-Accreditable | P17: Laboratories | S17: Belarus | T17: Assistant System/Network Engineer | U17: Mirzaalogh Bik Higher Education Institute------Afghanistan | V17: Balochistan University of Engineering & Technology, Khuzdar | X17: Advanced Physiotherapy----(HEDR 0008) | AA17: Bahawalpur | AB17: 8
A18: Any Other | B18: 0000000000000 | D18: Bachelor, Master, MS/M.Phil./MBA 17.5 | P18: Labs | S18: Belgium | T18: Assistant Treasurer | U18: Nangarhar Pedagogical College------Afghanistan | V18: Balochistan University of Information Technology, Engineering & Management Sciences (BUITEMS), Quetta | X18: Adventure based activities----(HEDR 1849) | AA18: Bajaur | AB18: 8.5
D19: Bachelor, Master, MS/M.Phil./MBA 17.5, PhD | P19: Libraries | S19: Belize | T19: Attendant | U19: Nangarhar University------Afghanistan | V19: Baqai Medical University, Karachi | X19: Advertising----(HEDR 1131) | AA19: Banda Daud Shah | AB19: 9
D20: Bachelor, Master, MS/M.Phil./MBA 17.5, PhD, PGD | P20: Medical | S20: Benin | T20: Audit Officer | U20: Nasir Khusraw Pedagogical College------Afghanistan | V20: Beaconhouse National University, Lahore | X20: Advertising & Marketing Communication----(HEDR 0009) | AA20: Bannu | AB20: 9.5
O21: Accreditation Status | P21: Photo State Shop | S21: Bhutan | T21: Auditor | U21: Parwan Pedagogical College------Afghanistan | V21: Begum Nusrat Bhutto Women University, Sukkur | X21: Aeronautical engineering----(HEDR 1400) | AA21: Baramula | AB21: 10
O22: Accredited | P22: Religious Places ( Mosque/Church/Temple etc.) | S22: Bolivia | T22: Baildar | U22: Samangan Pedagogical College------Afghanistan | V22: Benazir Bhutto Shaheed University Lyari, Karachi | X22: Aerospace engineering----(HEDR 1401) | AA22: Basti Malook | AB22: 10.5
O23: Non-Accreditable | P23: Solar Panel | S23: Bosnia and Herzegovina | T23: Binder | U23: University of Kabul,Afghanistan------Afghanistan | V23: Benazir Bhutto Shaheed University of Technology and Skills Development, Khairpur Mir’s | X23: Aesthetics----(HEDR 0919) | AA23: Batagram | AB23: 11
O24: Not Accredited | P24: Sport Grounds/Courts | S24: Botswana | T24: Body Embalmer | U24: Takhar University,Afghanistan------Afghanistan | V24: Brains Institute, Peshawar | X24: Agribusiness Management----(HEDR 0011) | AA24: Bazdar | AB24: 11.5
O25: Request Submitted to Council | P25: Staff Rooms | S25: Brazil | T25: Budget Officer | U25: Paktia University------Afghanistan | V25: Capital University of Sciences & Technology, Islamabad | X25: Agricultural & Resource Economics----(HEDR 0012) | AA25: Bela | AB25: 12
O26: Zero Visit Done | P26: Swimming pool | S26: Brunei | T26: Calligraphic Assistant | U26: Dawat university,Afghanistan------Afghanistan | V26: CECOS University of Information Technology and Emerging Sciences, Peshawar | X26: Agricultural Biotechnology----(HEDR 0013) | AA26: Bellpat | AB26: 12.5
P27: Trees | S27: Bulgaria | T27: Care Taker | U27: Bakhtar Institute of Higher Education, Afghanistan------Afghanistan | V27: Cholistan University of Veterinary & Animal Sciences, Bahawalpur | X27: Agricultural Business----(HEDR 0014) | AA27: Bhagalchur | AB27: 13
C28: Proposed to be deleted | P28: Tube well | S28: Burkina Faso | T28: Carpenter | U28: Salam University, Afghanistan------Afghanistan | V28: City University of Science & Information Technology, Peshawar | X28: Agricultural business/agribusiness operations----(HEDR 1580) | AA28: Bhaipheru | AB28: 13.5
C29: Proposed to be Changed the Heading | P29: Wi-Fi Hotspots | S29: Burundi | T29: Cattle Assistant | U29: Khurasan University, Afghanistan------Afghanistan | V29: College of Physicians and Surgeons Pakistan (CPSP) | X29: Agricultural Chemistry----(HEDR 0015) | AA29: Bhakkar | AB29: 14
C30: Proposed New fields | P30: Any other important facility | S30: Côte d'Ivoire | T30: Chairman | U30: Alfalah University------Afghanistan | V30: COMMECS Institute of Business & Emerging Sciences, Karachi | X30: Agricultural economics----(HEDR 1581) | AA30: Bhalwal | AB30: 14.5
S31: Cabo Verde | T31: Chief Financial Officer | U31: Tanweer Institute of Higher Education, Afghanistan------Afghanistan | V31: COMSATS University, Islamabad | X31: Agricultural Engineering----(HEDR 0017) | AA31: Bhimber | AB31: 15
S32: Cambodia | T32: Chief Librarian | U32: Kabul Polytechnic University------Afghanistan | V32: Dadabhoy Institute of Higher Education, Karachi | X32: Agricultural Extension----(HEDR 0018) | AA32: Birote | AB32: 15.5
S33: Cameroon | T33: Chowkidar | U33: Ghazi Amanullah Khan Institute of Higher Education------Afghanistan | V33: Dawood University of Engineering & Technology, Karachi | X33: Agricultural Extension & Communication----(HEDR 0019) | AA33: Buner | AB33: 16
S34: Canada | T34: Civil Supervisor | U34: Shaikh Zayed University, Khost------Afghanistan | V34: DHA Suffa University, Karachi | X34: Agricultural Mechanization----(HEDR 0020) | AA34: Burewala | AB34: 16.5
S35: Central African Republic | T35: Civil Technician | U35: Zawal Higher Education Institute------Afghanistan | V35: DOW University of Health Sciences, Karachi | X35: Agricultural sciences----(HEDR 1582) | AA35: Burj | AB35: 17
S36: Chad | T36: Computer Operator | U36: Khatam-al-Nabeien University, Afghanistan------Afghanistan | V36: Emaan Institute Of Management & Sciences, Karachi | X36: Agriculture----(HEDR 1583) | AA36: Chachro | AB36: 17.5
S37: Chile | T37: Computer Operator/Data Processing | U37: Laghman University------Afghanistan | V37: Emerson University, Multan | X37: Agriculture Engineering----(HEDR 0023) | AA37: Chagai | AB37: 18
S38: China | T38: Conductor | U38: Sayed Jamaluddin Afghan University, Kunar------Afghanistan | V38: Faisalabad Medical University, Faisalabad | X38: Agriculture machinery mechanics----(HEDR 1402) | AA38: Chah Sandan | AB38: 18.5
S39: Colombia | T39: Controller of Examinations | U39: Al-Taqwa Institute of Higher Education------Afghanistan | V39: FATA University, Kohat | X39: Agriculture not elsewhere classified----(HEDR 1626) | AA39: Chailianwala | AB39: 19
S40: Comoros | T40: Data Analyst | U40: Jahan Higher Education Institute (Jahan University)------Afghanistan | V40: Fatima Jinnah Medical University, Lahore | X40: Agriculture not further defined----(HEDR 1579) | AA40: Chakdara | AB40: 19.5
S41: Congo (Congo-Brazzaville) | T41: Data Entry Operator | U41: Maryam University (MU)------Afghanistan | V41: Fatima Jinnah Women University, Rawalpindi | X41: Agriculture, forestry, fisheries and veterinary not elsewhere classified----(HEDR 1654) | AA41: Chakku | AB41: 20
S42: Costa Rica | T42: Data Processing Officer | U42: Kardan University (KIHE)------Afghanistan | V42: Federal Urdu University of Arts, Sciences & Technology, Karachi | X42: Agriculture, forestry, fisheries and veterinary not further defined----(HEDR 1578) | AA42: Chakwal | AB42: 20.5
... S121: Namibia | T121: Supervisor Garage | U121: Universit? de B?ja------Algeria | V121: National College of Arts (NCA), Lahore | X121: Arts not further defined----(HEDR 0874) | AA121: Janghar | AB121: 60
S122: Nauru | T122: Surveyor | U122: Universit? de Jijel------Algeria | V122: National College of Business Administration & Economics (NCBAE), Lahore | X122: Asian Civilization----(HEDR 0066) | AA122: Jati (Mughalbhin)
S123: Nepal | T123: System Administrator | U123: Universit? d'Oran Es-S?nia------Algeria | V123: National Defense University (NDU), Islamabad | X123: Assertiveness training----(HEDR 0820) | AA123: Jauharabad
S124: Netherlands | T124: System Analyst | U124: Universit? de Skikda------Algeria | V124: National Skills University, Islamabad | X124: Assistant nursing----(HEDR 1705) | AA124: Jhal
S125: New Zealand | T125: Table Boy | U125: Centre Universitaire Yahia Far?s de M?d------Algeria | V125: National Textile University, Faisalabad | X125: Astronomy----(HEDR 1266) | AA125: Jhal Jhao
S126: Nicaragua | T126: Tandoorchi | U126: Centre Universitaire Ziane Achour de Djelfa------Algeria | V126: National University of Computer and Emerging Sciences, Islamabad | X126: Astronomy & Astrophysics----(HEDR 0068) | AA126: Jhang
S127: Niger | T127: Technician | U127: Universitat d'Andorra------Andorra | V127: National University of Medical Sciences, Rawalpindi | X127: Astrophysics----(HEDR 1267) | AA127: Jhatpat
S128: Nigeria | T128: Telephone Operator | U128: Universidade Agostinho Neto------Angola | V128: National University of Modern Languages (NUML), Islamabad | X128: Atmospheric sciences----(HEDR 1242) | AA128: Jhelum
S129: North Korea | T129: Transport Officer | U129: Universidade Cat?lica de Angola------Angola | V129: National University of Sciences & Technology (NUST), Islamabad | X129: Auctioneering----(HEDR 1157) | AA129: Jhudo
S130: North Macedonia | T130: Treasurer | U130: Institut national d'Administration publique------Angola | V130: National University of Technology (NUTECH), Islamabad | X130: Audiology----(HEDR 0070) | AA130: Jiwani
S131: Norway | T131: Upper Division Clerk | U131: Universidade Jean Piaget de Angola------Angola | V131: NED University of Engineering & Technology, Karachi | X131: Audiology Speech Language Therapy----(HEDR 0071) | AA131: Jungshahi
S132: Oman | T132: Vice Chancellor | U132: Instituto Superior Privado de Angola------Angola | V132: Newport Institute of Communications & Economics, Karachi | X132: Audiology/hearing sciences----(HEDR 1671) | AA132: Kalabagh
S133: Pakistan | T133: Vice Principal | U133: Universidad Argentina de la Empresa------Argentina | V133: NFC Institute of Engineering & Technology, Multan | X133: Auditing----(HEDR 1090) | AA133: Kalam
... S138: Paraguay | T138: Workshop Assistant | U138: Universidad Centro de Altos Estudios en Ciencias Exactas------Argentina | V138: Pakistan Institute of Development Economics (PIDE), Islamabad | X138: Automotive engineering----(HEDR 1406) | AA138: Kamokey
S139: Peru | U139: Pontificia Universidad Cat?lica Argentina 'Santa Mar?a de los Buenos Aires'------Argentina | V139: Pakistan Institute of Engineering & Applied Sciences (PIEAS), Islamabad | X139: Aviation----(HEDR 1908) | AA139: Kanak
S140: Philippines | U140: Universidad Cat?lica de C?rdoba------Argentina | V140: Pakistan Institute of Fashion and Design, Lahore | X140: Aviation Management----(HEDR 0074) | AA140: Kandi
S141: Poland | U141: Universidad Cat?lica de Cuyo------Argentina | V141: Pakistan Military Academy (PMA), Abbottabad | X141: Aviation Technology----(HEDR 0075) | AA141: Kandiaro
S142: Portugal | U142: Universidad Cat?lica de La Plata------Argentina | V142: Pakistan Naval Academy, Karachi | X142: Avionics----(HEDR 1407) | AA142: Kanpur
S143: Qatar | U143: Universidad Cat?lica de Salta------Argentina | V143: PAQSJ Institute of Medical Sciences, Gambat | X143: Avionics Engineering----(HEDR 0076) | AA143: Kapip
S144: Romania | U144: Universidad Cat?lica de Santa F------Argentina | V144: Peoples University of Medical and Health Sciences for Women, Shaheed Benazirabad | X144: Ayurvedic medicine----(HEDR 1756) | AA144: Kappar
S145: Russia | U145: Universidad Cat?lica de Santiago del Estero------Argentina | V145: Pir Mehr Ali Shah Arid Agriculture, University, Rawalpindi | X145: B.A----(HEDR 0077) | AA145: Karachi
S146: Rwanda | U146: Universidad del CEMA------Argentina | V146: Preston Institute of Management, Science and Technology, Karachi | X146: B.Sc.----(HEDR 0078) | AA146: Karak
S147: Saint Kitts and Nevis | U147: Universidad Champagnat------Argentina | V147: Preston University, Karachi | X147: Bacteriology----(HEDR 1672) | AA147: Karodi
S148: Saint Lucia | U148: Universidad de la Cuenca del Plata------Argentina | V148: Preston University, Kohat | X148: Baking----(HEDR 1430) | AA148: Karor Lal Esan
S149: Saint Vincent and the Grenadines | U149: Universidad Adventista del Plata------Argentina | V149: Punjab Tianjin Institute of Technology, Lahore | X149: Ballet----(HEDR 0957) | AA149: Kashmor
S150: Samoa | U150: Universidad Favaloro------Argentina | V150: Punjab University of Technology Rasul, Mandi Bahauddin | X150: Balochi----(HEDR 0079) | AA150: Kasur
... S197: Dual Nationality (Please Enter Name of Countries in HEI Comments Column) | U197: Universidad Blas Pascal------Argentina | V197: University of Art & Culture, Jamshoro | X197: Brickwork and masonry----(HEDR 1533) | AA197: Malakand Agency
U198: Instituto Universitario CEMIC------Argentina | V198: University of Azad Jammu & Kashmir, Muzaffarabad | X198: Bridge construction----(HEDR 1534) | AA198: Mamoori
U199: Instituto Universitario 'Gast?n Dachary'------Argentina | V199: University of Balochistan, Quetta | X199: Broad generic (non-specialised) programmes and qualifications----(HEDR 0811) | AA199: Mand
U200: Instituto Universitario 'Escuela Superior de Econom?a y Administraci?n de Empresas'------Argentina | V200: University of Baltistan, Skardu | X200: Broadcast journalism----(HEDR 1067) | AA200: Mandi Bahauddin
U201: Instituto Universitario 'Escuela de Medicina del Hospital Italiano'------Argentina | V201: University of Buner, Swari | X201: Broadcasting electronics----(HEDR 1365) | AA201: Mandi Warburton
U202: Instituto Universitario Aeron?utico------Argentina | V202: University of Central Punjab, Lahore | X202: Building & Architectural Engineering----(HEDR 0101) | AA202: Mangla
U203: Instituto Universitario de Ciencias Biom?dicas, Buenos Aires------Argentina | V203: University of Chakwal, Chakwal | X203: Building & Construction Engineering----(HEDR 0102) | AA203: Manguchar
U204: Instituto Universitario de Ciencias de la Salud - Fundaci?n 'H?ctor A. Barcel?'------Argentina | V204: University of Chenab, Gujrat | X204: Building construction----(HEDR 1535) | AA204: Mansehra
U205: Instituto Universitario de la Polic?a Federal Argentina------Argentina | V205: University of Chitral, Chitral | X205: Building design----(HEDR 1517) | AA205: Mardan
U206: Instituto Universitario de la 'Fundaci?n ISALUD'------Argentina | V206: University of Education, Lahore | X206: Building engineering----(HEDR 1536) | AA206: Mashki Chah
U207: Universidad del Aconcagua------Argentina | V207: University of Engineering & Technology, Lahore | X207: Building maintenance----(HEDR 1537) | AA207: Maslti
U208: Universidad de Belgrano------Argentina | V208: University of Engineering & Technology, Mardan | X208: Building renovation----(HEDR 1538) | AA208: Mastuj
U209: Universidad de Buenos Aires------Argentina | V209: University of Engineering & Technology, Peshawar | X209: Building technology----(HEDR 1539) | AA209: Mastung
... U250: Gegecik Arvestneri Azgain Academia------Armenia | V250: Not Applicable | X250: Catering----(HEDR 1824) | AA250: Nowshera
U251: Hyusisain Hamalsaran------Armenia | X251: Cell biology----(HEDR 1203) | AA251: Nur Gamma
U252: Progres Hamalsaran------Armenia | X252: Cell technology----(HEDR 1216) | AA252: Nushki
U253: Rus-Haikakan (Slavonakan) Hamalsaran------Armenia | X253: Cement working----(HEDR 1541) | AA253: Nuttal
U254: Surb Terezai Anvan Gutyan Qureri Bghshkakan Institut------Armenia | X254: Ceramic & Glass Design----(HEDR 0123) | AA254: Okara
U255: Hayastani Petakan Chartaragitakan Hamalsaran------Armenia | X255: Ceramic Design----(HEDR 0124) | AA255: Ormara
U256: Avandakan Bghshkakan Hamalsaran------Armenia | X256: Ceramics (craft)----(HEDR 0933) | AA256: Paharpur
U257: Vanadzori Petakan Mankavarzakan Institut------Armenia | X257: Ceramics (industrial)----(HEDR 1457) | AA257: Pak Pattan
U258: Yerevani Gekharvesti Petakan Academia------Armenia | X258: Charcoal burning----(HEDR 1627) | AA258: Palantuk
U259: Yerevani Grigor Zohrap Hamalsaran------Armenia | X259: Cheese production----(HEDR 1433) | AA259: Panjgur
U260: Yerevani Kirarakan Biotechnologaji Institut------Armenia | X260: Chemical engineering----(HEDR 1328) | AA260: Panjgur
U261: Yerevani Ecologiai, Tntesagitutyan ev Iravunci Hajkakan Institut------Armenia | X261: Chemical Pathology----(HEDR 0126) | AA261: Pasni
U262: Yerevani Komitasi Anvan Petakan Conservatoria------Armenia | X262: Chemical physics----(HEDR 1269) | AA262: Pattoki
... U377: Universit?t Wien------Austria | X377: Control engineering----(HEDR 1371) | AA377: Zhob
U378: Wirtschaftsuniversit?t Wien------Austria | X378: Conversational therapy----(HEDR 1045)
U379: Technische Universit?t Wien------Austria | X379: Cooking (home)----(HEDR 1799)
U380: Azerbaidjan Agricultural Academy------Azerbaijan | X380: Cooking (restaurant and hotel-type)----(HEDR 1825)
U381: Azerbaidjan Architecture and Construction University------Azerbaijan | X381: Co-operation----(HEDR 0822)
U382: Azerbaidjan Co-operative Institute------Azerbaijan | X382: Cosmetic services----(HEDR 1811)
...

Sheet PQR_Dept
A1: PQR_Department[UNIVERSITY ID] | B1: PQR_Department[UNIVERSITY NAME] | C1: PQR_Department[CAMPUS TYPE] | D1: PQR_Department[CAMPUS NAME] | E1: PQR_Department[CAMPUS CITY] | F1: PQR_Department[DEPARTMENT NAME] | G1: PQR_Department[UNIVERSITY DEPARTMENT ID] | H1: Dept ID
A2: 10 | B2: Bahria University, Islamabad | C2: Constituent College | D2: Bahria University Medical & Dental College | E2: Karachi | F2: Dental | G2: 934 | H2: =CONCATENATE(G2, ">>>", C2, ">>>", E2, ">>>", F2) -> 934>>>Constituent College>>>Karachi>>>Dental
A3: 10 | B3: Bahria University, Islamabad | C3: Constituent College | D3: Bahria University Medical & Dental College | E3: Karachi | F3: Medical | G3: 3493 | H3: =CONCATENATE(G3, ">>>", C3, ">>>", E3, ">>>", F3) -> 3493>>>Constituent College>>>Karachi>>>Medical
A4: 10 | B4: Bahria University, Islamabad | C4: Constituent College | D4: Institute of Maritime Affairs | E4: Karachi | F4: National Center for Maritime Policy & Research | G4: 1299 | H4: =CONCATENATE(G4, ">>>", C4, ">>>", E4, ">>>", F4) -> 1299>>>Constituent College>>>Karachi>>>National Center for Maritime Policy & Research
A5: 10 | B5: Bahria University, Islamabad | C5: Constituent College | D5: Institute of Professional Psychology | E5: Karachi | F5: Biotechnology | G5: 575 | H5: =CONCATENATE(G5, ">>>", C5, ">>>", E5, ">>>", F5) -> 575>>>Constituent College>>>Karachi>>>Biotechnology
A6: 10 | B6: Bahria University, Islamabad | C6: Constituent College | D6: Institute of Professional Psychology | E6: Karachi | F6: Department of Professional Psychology | G6: 935 | H6: =CONCATENATE(G6, ">>>", C6, ">>>", E6, ">>>", F6) -> 935>>>Constituent College>>>Karachi>>>Department of Professional Psychology
A7: 10 | B7: Bahria University, Islamabad | C7: Constituent College | D7: Pakistan Navy Nursing College, Karachi | E7: Karachi | F7: Nursing | G7: 12870 | H7: =CONCATENATE(G7, ">>>", C7, ">>>", E7, ">>>", F7) -> 12870>>>Constituent College>>>Karachi>>>Nursing
A8: 10 | B8: Bahria University, Islamabad | C8: Constituent College | D8: PN WAR COLLEGE LAHORE | E8: Lahore | F8: Department of War Studies | G8: 1297 | H8: =CONCATENATE(G8, ">>>", C8, ">>>", E8, ">>>", F8) -> 1297>>>Constituent College>>>Lahore>>>Department of War Studies
A9: 10 | B9: Bahria University, Islamabad | C9: Main Campus | D9: Bahrai Institute of Management & Computer Sciences, Islamabad | E9: Islamabad | F9: Department of Management Sciences | G9: 11937 | H9: =CONCATENATE(G9, ">>>", C9, ">>>", E9, ">>>", F9) -> 11937>>>Main Campus>>>Islamabad>>>Department of Management Sciences
A10: 10 | B10: Bahria University, Islamabad | C10: Main Campus | D10: Bahria University Islamabad Campus | E10: Islamabad | F10: Bachelor of Science (Computer Sciences) | G10: 14112 | H10: =CONCATENATE(G10, ">>>", C10, ">>>", E10, ">>>", F10) -> 14112>>>Main Campus>>>Islamabad>>>Bachelor of Science (Computer Sciences)
A11: 10 | B11: Bahria University, Islamabad | C11: Main Campus | D11: Bahria University Islamabad Campus | E11: Islamabad | F11: Bachelors of business administration | G11: 10841 | H11: =CONCATENATE(G11, ">>>", C11, ">>>", E11, ">>>", F11) -> 10841>>>Main Campus>>>Islamabad>>>Bachelors of business administration
A12: 10 | B12: Bahria University, Islamabad | C12: Main Campus | D12: Bahria University Islamabad Campus | E12: Islamabad | F12: Bahria Business School, BUIC | G12: 15645 | H12: =CONCATENATE(G12, ">>>", C12, ">>>", E12, ">>>", F12) -> 15645>>>Main Campus>>>Islamabad>>>Bahria Business School, BUIC
A13: 10 | B13: Bahria University, Islamabad | C13: Main Campus | D13: Bahria University Islamabad Campus | E13: Islamabad | F13: BDS | G13: 10114 | H13: =CONCATENATE(G13, ">>>", C13, ">>>", E13, ">>>", F13) -> 10114>>>Main Campus>>>Islamabad>>>BDS
... A1448: 158 | B1448: Darul Uloom, Karachi | C1448: Main Campus | D1448: Main Campus | E1448: Karachi | F1448: Department of Shahadatul Almiya | G1448: 5749 | H1448: =CONCATENATE(G1448, ">>>", C1448, ">>>", E1448, ">>>", F1448) -> 5749>>>Main Campus>>>Karachi>>>Department of Shahadatul Almiya
A1449: 159 | B1449: NexusTest | D1449: Main Campus | E1449: N/A | F1449: Chartered Accountancy | G1449: 51480 | H1449: =CONCATENATE(G1449, ">>>", C1449, ">>>", E1449, ">>>", F1449) -> 51480>>>>>>N/A>>>Chartered Accountancy
A1450: 16 | B1450: National University of Computer and Emerging Sciences, Islamabad | C1450: Main Campus | D1450: NUCES-Main Campus | E1450: Islamabad | F1450: Department of Computer Science | G1450: 9844 | H1450: =CONCATENATE(G1450, ">>>", C1450, ">>>", E1450, ">>>", F1450) -> 9844>>>Main Campus>>>Islamabad>>>Department of Computer Science
A1451: 16 | B1451: National University of Computer and Emerging Sciences, Islamabad | C1451: Main Campus | D1451: NUCES-Main Campus | E1451: Islamabad | F1451: Department of Electrical Engineering | G1451: 9846 | H1451: =CONCATENATE(G1451, ">>>", C1451, ">>>", E1451, ">>>", F1451) -> 9846>>>Main Campus>>>Islamabad>>>Department of Electrical Engineering
A1452: 16 | B1452: National University of Computer and Emerging Sciences, Islamabad | C1452: Main Campus | D1452: NUCES-Main Campus | E1452: Islamabad | F1452: Department of Management Sciences | G1452: 9845 | H1452: =CONCATENATE(G1452, ">>>", C1452, ">>>", E1452, ">>>", F1452) -> 9845>>>Main Campus>>>Islamabad>>>Department of Management Sciences
A1453: 16 | B1453: National University of Computer and Emerging Sciences, Islamabad | C1453: Sub Campus | D1453: Chiniot-Faisalabad Campus | E1453: Faisalabad | F1453: Department of Computer Science | G1453: 4059 | H1453: =CONCATENATE(G1453, ">>>", C1453, ">>>", E1453, ">>>", F1453) -> 4059>>>Sub Campus>>>Faisalabad>>>Department of Computer Science
A1454: 16 | B1454: National University of Computer and Emerging Sciences, Islamabad | C1454: Sub Campus | D1454: Chiniot-Faisalabad Campus | E1454: Faisalabad | F1454: Department of Electrical Engineering | G1454: 4061 | H1454: =CONCATENATE(G1454, ">>>", C1454, ">>>", E1454, ">>>", F1454) -> 4061>>>Sub Campus>>>Faisalabad>>>Department of Electrical Engineering
A1455: 16 | B1455: National University of Computer and Emerging Sciences, Islamabad | C1455: Sub Campus | D1455: Chiniot-Faisalabad Campus | E1455: Faisalabad | F1455: Department of Management Sciences | G1455: 4063 | H1455: =CONCATENATE(G1455, ">>>", C1455, ">>>", E1455, ">>>", F1455) -> 4063>>>Sub Campus>>>Faisalabad>>>Department of Management Sciences
A1456: 16 | B1456: National University of Computer and Emerging Sciences, Islamabad | C1456: Sub Campus | D1456: Chiniot-Faisalabad Campus | E1456: Faisalabad | F1456: Departrment of Software Engineering | G1456: 54548 | H1456: =CONCATENATE(G1456, ">>>", C1456, ">>>", E1456, ">>>", F1456) -> 54548>>>Sub Campus>>>Faisalabad>>>Departrment of Software Engineering
A1457: 16 | B1457: National University of Computer and Emerging Sciences, Islamabad | C1457: Sub Campus | D1457: Islamabad Campus | E1457: Islamabad | F1457: Department of Cyber Security | G1457: 54570 | H1457: =CONCATENATE(G1457, ">>>", C1457, ">>>", E1457, ">>>", F1457) -> 54570>>>Sub Campus>>>Islamabad>>>Department of Cyber Security
A1458: 16 | B1458: National University of Computer and Emerging Sciences, Islamabad | C1458: Sub Campus | D1458: Islamabad Campus | E1458: Islamabad | F1458: Department of Computer Science | G1458: 1648 | H1458: =CONCATENATE(G1458, ">>>", C1458, ">>>", E1458, ">>>", F1458) -> 1648>>>Sub Campus>>>Islamabad>>>Department of Computer Science
A1459: 16 | B1459: National University of Computer and Emerging Sciences, Islamabad | C1459: Sub Campus | D1459: Islamabad Campus | E1459: Islamabad | F1459: Department of Electrical Engineering | G1459: 1654 | H1459: =CONCATENATE(G1459, ">>>", C1459, ">>>", E1459, ">>>", F1459) -> 1654>>>Sub Campus>>>Islamabad>>>Department of Electrical Engineering
A1460: 16 | B1460: National University of Computer and Emerging Sciences, Islamabad | C1460: Sub Campus | D1460: Islamabad Campus | E1460: Islamabad | F1460: Department of Management Sciences | G1460: 1660 | H1460: =CONCATENATE(G1460, ">>>", C1460, ">>>", E1460, ">>>", F1460) -> 1660>>>Sub Campus>>>Islamabad>>>Department of Management Sciences
A1461: 16 | B1461: National University of Computer and Emerging Sciences, Islamabad | C1461: Sub Campus | D1461: Islamabad Campus | E1461: Islamabad | F1461: Department of Software Engineering | G1461: 51611 | H1461: =CONCATENATE(G1461, ">>>", C1461, ">>>", E1461, ">>>", F1461) -> 51611>>>Sub Campus>>>Islamabad>>>Department of Software Engineering
... A6903: 99 | B6903: CECOS University of Information Technology and Emerging Sciences, Peshawar | C6903: Main Campus | D6903: Main Campus | E6903: Peshawar | F6903: Institute of Integrative Biosciences | G6903: 1966 | H6903: =CONCATENATE(G6903, ">>>", C6903, ">>>", E6903, ">>>", F6903) -> 1966>>>Main Campus>>>Peshawar>>>Institute of Integrative Biosciences

Sheet Sheet8
A1: University Name
A2: =IF(Sheet6!$K$2 = PQR_Dept!$B2, PQR_Dept!B2, "")
A3: =IF(Sheet6!$K$2 = PQR_Dept!$B3, PQR_Dept!B3, "")
A4: =IF(Sheet6!$K$2 = PQR_Dept!$B4, PQR_Dept!B4, "")
A5: =IF(Sheet6!$K$2 = PQR_Dept!$B5, PQR_Dept!B5, "")
A6: =IF(Sheet6!$K$2 = PQR_Dept!$B6, PQR_Dept!B6, "")
A7: =IF(Sheet6!$K$2 = PQR_Dept!$B7, PQR_Dept!B7, "")
A8: =IF(Sheet6!$K$2 = PQR_Dept!$B8, PQR_Dept!B8, "")
A9: =IF(Sheet6!$K$2 = PQR_Dept!$B9, PQR_Dept!B9, "")
A10: =IF(Sheet6!$K$2 = PQR_Dept!$B10, PQR_Dept!B10, "")
A11: =IF(Sheet6!$K$2 = PQR_Dept!$B11, PQR_Dept!B11, "")
A12: =IF(Sheet6!$K$2 = PQR_Dept!$B12, PQR_Dept!B12, "")
A13: =IF(Sheet6!$K$2 = PQR_Dept!$B13, PQR_Dept!B13, "")
... A6730: =IF(Sheet6!$K$2 = PQR_Dept!$B6730, PQR_Dept!B6730, "")
A6731: =IF(Sheet6!$K$2 = PQR_Dept!$B6903, PQR_Dept!B6903, "")
A6732: =IF(Sheet6!$K$2 = PQR_Dept!$B6904, PQR_Dept!B6904, "") -> 0
A6733: =IF(Sheet6!$K$2 = PQR_Dept!$B6905, PQR_Dept!B6905, "") -> 0
A6734: =IF(Sheet6!$K$2 = PQR_Dept!$B6906, PQR_Dept!B6906, "") -> 0
A6735: =IF(Sheet6!$K$2 = PQR_Dept!$B6907, PQR_Dept!B6907, "") -> 0
A6736: =IF(Sheet6!$K$2 = PQR_Dept!$B6908, PQR_Dept!B6908, "") -> 0
A6737: =IF(Sheet6!$K$2 = PQR_Dept!$B6909, PQR_Dept!B6909, "") -> 0
A6738: =IF(Sheet6!$K$2 = PQR_Dept!$B6910, PQR_Dept!B6910, "") -> 0
A6739: =IF(Sheet6!$K$2 = PQR_Dept!$B6911, PQR_Dept!B6911, "") -> 0
A6740: =IF(Sheet6!$K$2 = PQR_Dept!$B6912, PQR_Dept!B6912, "") -> 0
A6741: =IF(Sheet6!$K$2 = PQR_Dept!$B6913, PQR_Dept!B6913, "") -> 0
A6742: =IF(Sheet6!$K$2 = PQR_Dept!$B6914, PQR_Dept!B6914, "") -> 0
... A7000: =IF(Sheet6!$K$2 = PQR_Dept!$B7172, PQR_Dept!B7172, "") -> 0

Sheet Sheet6
A1: University ID | B1: HEI Name2 | C1: PQR_UNIVERSITY_ID | D1: PQR_UNIVERSITY_NAME | E1: S.No. | F1: User Name | G1: Password | H1: Column1 | J1: Username/Password | K1: Univ Name
A2: 1 | B2: Abasyn University, Peshawar | C2: 121 | D2: Abasyn University, Peshawar | E2: 277 | F2: arif.abasyn@pern.edu.pk | G2: JczE8668 | H2: =CONCATENATE(D2,G2) -> Abasyn University, PeshawarJczE8668 | J2: =CONCATENATE(Login!$B$3,Login!$C$3) | K2: =IFERROR(INDEX($D$2:$D$271, MATCH(J2, $H$2:$H$271, 0)), "")
A3: 2 | B3: Abbottabad University of Science & Technology (AUST), Abbottabad | C3: 17758 | D3: Abbottabad University of Science & Technology (AUST), Abbottabad | F3: Saifmehsud_aust@pern.edu.pk | G3: WojM9701 | H3: =CONCATENATE(D3,G3) -> Abbottabad University of Science & Technology (AUST), AbbottabadWojM9701
A4: 3 | B4: Abdul Wali Khan University, Mardan | C4: 130 | D4: Abdul Wali Khan University, Mardan | F4: Beenish_khurshid_awkum@pern.edu.pk | G4: WpgS3237 | H4: =CONCATENATE(D4,G4) -> Abdul Wali Khan University, MardanWpgS3237
A5: 4 | B5: Aga Khan University, Karachi | C5: 17488 | D5: Aga Khan University, Karachi | E5: 332 | F5: nasreen.sheikh.aku@pern.edu.pk | G5: OubA3287 | H5: =CONCATENATE(D5,G5) -> Aga Khan University, KarachiOubA3287
A6: 5 | B6: Air University, Islamabad | C6: 8 | D6: Air University, Islamabad | E6: 23 | F6: mehreen.ishtiaq.mail@pern.edu.pk | G6: KwmB6111 | H6: =CONCATENATE(D6,G6) -> Air University, IslamabadKwmB6111
A7: 6 | B7: Air War College Institute, Karachi | C7: 17845 | D7: Air War College Institute (AWCI), Karachi | E7: 478 | F7: registrar.awci@pern.edu.pk | G7: XtcZ8895 | H7: =CONCATENATE(D7,G7) -> Air War College Institute (AWCI), KarachiXtcZ8895
D8: Al-ghazali University, Karachi | G8: FvvK9506 | H8: =CONCATENATE(D8,G8) -> Al-ghazali University, KarachiFvvK9506
A9: 7 | B9: Al-Hamd Islamic University, Quetta | C9: 132 | D9: Al-Hamd Islamic University, Quetta | E9: 289 | F9: anila.kamal.alhamd@pern.edu.pk | G9: UknW5841 | H9: =CONCATENATE(D9,G9) -> Al-Hamd Islamic University, QuettaUknW5841
A10: 8 | B10: Ali Institute of Education, Lahore | C10: 17719 | D10: Ali Institute of Education | E10: 342 | F10: uzma.aie@pern.edu.pk | G10: BntC5934 | H10: =CONCATENATE(D10,G10) -> Ali Institute of EducationBntC5934
A11: 9 | B11: Al-Karam International Institute, Bhera | C11: 179303 | D11: Alkaram International Institute, Bhera | E11: 522 | F11: coe.akii@pern.edu.pk | G11: YdhY7389 | H11: =CONCATENATE(D11,G11) -> Alkaram International Institute, BheraYdhY7389
D12: Al-Kawthar University, Karachi | G12: CmuC5819 | H12: =CONCATENATE(D12,G12) -> Al-Kawthar University, KarachiCmuC5819
D13: Al-Khair University, AJ&K | G13: EsjE1546 | H13: =CONCATENATE(D13,G13) -> Al-Khair University, AJ&KEsjE1546
D14: Allama Iqbal Open University, Islamabad (AIOU) | G14: BvmW3703 | H14: =CONCATENATE(D14,G14) -> Allama Iqbal Open University, Islamabad (AIOU)BvmW3703
A15: 12 | B15: Aror University of Art, Architecture, Design and Heritage, Sukkur | C15: 179302 | D15: Aror University of Art, Architecture, Design and Heritage, Sukkur | E15: 525 | F15: ddit.aroruniversitysindh@pern.edu.pk | G15: QerI4073 | H15: =CONCATENATE(D15,G15) -> Aror University of Art, Architecture, Design and Heritage, SukkurQerI4073
D16: Baba Guru Nanak University Nankana Sahib | G16: CsjP6462 | H16: =CONCATENATE(D16,G16) -> Baba Guru Nanak University Nankana SahibCsjP6462
A17: 13 | B17: Bacha Khan University, Charsadda | C17: 17720 | D17: Bacha Khan University, Charsadda | E17: 345 | F17: director_qec.bkuc@pern.edu.pk | G17: SumR4777 | H17: =CONCATENATE(D17,G17) -> Bacha Khan University, CharsaddaSumR4777
A18: 14 | B18: Bahauddin Zakariya University, Multan | C18: 2 | D18: Bahauddin Zakariya University, Multan | E18: 3 | F18: dgebzu.bzu@pern.edu.pk | G18: TgzD8016 | H18: =CONCATENATE(D18,G18) -> Bahauddin Zakariya University, MultanTgzD8016
A19: 15 | B19: Bahria University, Islamabad | C19: 10 | D19: Bahria University, Islamabad | E19: 29 | F19: accreditationofficer.buho.bahria@pern.edu.pk | G19: WjzR4565 | H19: =CONCATENATE(D19,G19) -> Bahria University, IslamabadWjzR4565
A20: 16 | B20: Balochistan University of Engineering & Technology, Khuzdar | C20: 92 | D20: Balochistan University of Engineering & Technology, Khuzdar | E20: 223 | F20: mumtazmengal.buetk@pern.edu.pk | G20: WhkL6705 | H20: =CONCATENATE(D20,G20) -> Balochistan University of Engineering & Technology, KhuzdarWhkL6705
A21: 17 | B21: Balochistan University of Information Technology, Engineering & Management Sciences (BUITEMS), Quetta | C21: 17497 | D21: Balochistan University of Information Technology, Engineering and Management Sciences,Quetta | E21: 335 | F21: darashikoh.buitms@pern.edu.pk | G21: OylK9827 | H21: =CONCATENATE(D21,G21) -> Balochistan University of Information Technology, Engineering and Management Sciences,QuettaOylK9827
A22: 18 | B22: Baqai Medical University, Karachi | C22: 59 | D22: Baqai Medical University, Karachi | E22: 160 | F22: qec.baqai@pern.edu.pk | G22: AnoG8933 | H22: =CONCATENATE(D22,G22) -> Baqai Medical University, KarachiAnoG8933
A23: 19 | B23: Beaconhouse National University, Lahore | C23: 23 | D23: Beaconhouse National University, Lahore | E23: 57 | F23: saleem.bnu@pern.edu.pk | G23: FgxG4694 | H23: =CONCATENATE(D23,G23) -> Beaconhouse National University, LahoreFgxG4694
A24: 20 | B24: Begum Nusrat Bhutto Women University, Sukkur | C24: 17856 | D24: Begum Nusrat Bhutto Women University, Sukkur | E24: 515 | F24: qec.bnbwu@pern.edu.pk | G24: FpwD3761 | H24: =CONCATENATE(D24,G24) -> Begum Nusrat Bhutto Women University, SukkurFpwD3761
A25: 21 | B25: Benazir Bhutto Shaheed University Lyari, Karachi | C25: 17721 | D25: Benazir Bhutto Shaheed University Lyari, Karachi | E25: 348 | F25: registrar.bbsul@pern.edu.pk | G25: ZqqV5121 | H25: =CONCATENATE(D25,G25) -> Benazir Bhutto Shaheed University Lyari, KarachiZqqV5121
A26: 23 | B26: Brains Institute, Peshawar | C26: 17794 | D26: Brains Institute Peshawar | E26: 451 | F26: hayyan.cemco.icloud@pern.edu.pk | G26: DyaF9932 | H26: =CONCATENATE(D26,G26) -> Brains Institute PeshawarDyaF9932
A27: 24 | B27: Capital University of Sciences & Technology, Islamabad | C27: 17752 | D27: Capital University of Science and Technology, Islamabad | E27: 431 | F27: hassan.awan.cust@pern.edu.pk | G27: BvoH8720 | H27: =CONCATENATE(D27,G27) -> Capital University of Science and Technology, IslamabadBvoH8720
A28: 25 | B28: CECOS University of Information Technology and Emerging Sciences, Peshawar | C28: 99 | D28: CECOS University of Information Technology and Emerging Sciences, Peshawar | E28: 233 | F28: saqib.cecos@pern.edu.pk | G28: HhnV5590 | H28: =CONCATENATE(D28,G28) -> CECOS University of Information Technology and Emerging Sciences, PeshawarHhnV5590
A29: 26 | B29: Cholistan University of Veterinary & Animal Sciences, Bahawalpur | C29: 17828 | D29: Cholistan University of Veterinary and Animal Sciences, Bahawalpur | F29: Ranamuhammadbilal_cuvas@pern.edu.pk | G29: SzjZ6924 | H29: =CONCATENATE(D29,G29) -> Cholistan University of Veterinary and Animal Sciences, BahawalpurSzjZ6924
A30: 27 | B30: City University of Science & Information Technology, Peshawar | C30: 100 | D30: City University of Science and Information Technology, Peshawar | E30: 235 | F30: deputy.registrar@pern.edu.pk | G30: LnlV2098 | H30: =CONCATENATE(D30,G30) -> City University of Science and Information Technology, PeshawarLnlV2098
A31: 28 | B31: COMMECS Institute of Business & Emerging Sciences, Karachi | C31: 17722 | D31: Commecs Institute of Business & Emerging Sciences, Karachi | E31: 352 | F31: imran.iqbal.commecsinstitute@pern.edu.pk | G31: TbkX3335 | H31: =CONCATENATE(D31,G31) -> Commecs Institute of Business & Emerging Sciences, KarachiTbkX3335
A32: 29 | B32: COMSATS University, Islamabad | C32: 11 | D32: COMSATS University Islamabad | E32: 33 | F32: m.mudassir.comsats@pern.edu.pk | G32: BiwW1564 | H32: =CONCATENATE(D32,G32) -> COMSATS University IslamabadBiwW1564
A33: 30 | B33: Dadabhoy Institute of Higher Education, Karachi | C33: 60 | D33: Dadabhoy Institute of Higher Education, Karachi | E33: 162 | F33: assistantdirectorqec.dadabhoy@pern.edu.pk | G33: AcwP1775 | H33: =CONCATENATE(D33,G33) -> Dadabhoy Institute of Higher Education, KarachiAcwP1775
D34: Dar-Ul-Madina International University, Islamabad | G34: PawF4655 | H34: =CONCATENATE(D34,G34) -> Dar-Ul-Madina International University, IslamabadPawF4655
A35: 31 | B35: Dawood University of Engineering & Technology, Karachi | C35: 165 | D35: Dawood University of Engineering & Technology, Karachi | E35: 319 | F35: dr.arslan.ansari.duet@pern.edu.pk | G35: CtbO9993 | H35: =CONCATENATE(D35,G35) -> Dawood University of Engineering & Technology, KarachiCtbO9993
A36: 32 | B36: DHA Suffa University, Karachi | C36: 17490 | D36: DHA Suffa University, Karachi | E36: 334 | F36: ayesha.mahmood.dsu@pern.edu.pk | G36: SmqV9327 | H36: =CONCATENATE(D36,G36) -> DHA Suffa University, KarachiSmqV9327
A37: 33 | B37: DOW University of Health Sciences, Karachi | C37: 62 | D37: DOW University of Health Sciences, Karachi | E37: 165 | F37: salma.tariq.duhs@pern.edu.pk | G37: SazM7648 | H37: =CONCATENATE(D37,G37) -> DOW University of Health Sciences, Karachi SazM7648
A38: 34 | B38: Emaan Institute Of Management & Sciences, Karachi | C38: 179541 | D38: Emaan Institute of Management & Sciences, Karachi | E38: 79 | F38: Registrar.emaan@pern.edu.pk | G38: FcrQ2633 | H38: =CONCATENATE(D38,G38) -> Emaan Institute of Management & Sciences, KarachiFcrQ2633
A39: 35 | B39: Emerson University, Multan | C39: 179431 | D39: Emerson University, Multan | E39: 526 | F39: registrar.eum@pern.edu.pk | G39: WbgR6442 | H39: =CONCATENATE(D39,G39) -> Emerson University, MultanWbgR6442
D40: Faisalabad Medical University, Faisalabad | G40: RovO4035 | H40: =CONCATENATE(D40,G40) -> Faisalabad Medical University, FaisalabadRovO4035
A41: 38 | B41: Fatima Jinnah Medical University, Lahore | C41: 17776 | D41: Fatima Jinnah Medical University, Lahore | E41: 444 | F41: a.rehman.fjmu@pern.edu.pk | G41: QiaD9951 | H41: =CONCATENATE(D41,G41) -> Fatima Jinnah Medical University, LahoreQiaD9951
A42: 39 | B42: Fatima Jinnah Women University, Rawalpindi | C42: 25 | D42: Fatima Jinnah Women University, Rawalpindi | E42: 62 | F42: ddir_qec.fjwu@pern.edu.pk | G42: KvwA9642 | H42: =CONCATENATE(D42,G42) -> Fatima Jinnah Women University, RawalpindiKvwA9642
A43: 40 | B43: Federal Urdu University of Arts, Sciences & Technology, Karachi | C43: 17476 | D43: Federal Urdu University of Arts, Sciences & Technology | E43: 329 | F43: abeerullah.fuuast@pern.edu.pk | G43: EvzU8144 | H43: =CONCATENATE(D43,G43) -> Federal Urdu University of Arts, Sciences & TechnologyEvzU8144
A44: 41 | B44: Forman Christian College, Lahore | C44: 26 | D44: Forman Christian College, Lahore | E44: 66 | F44: christophernaeem.fccollege@pern.edu.pk | G44: OxzG8767 | H44: =CONCATENATE(D44,G44) -> Forman Christian College, LahoreOxzG8767
A45: 42 | B45: Foundation University, Islamabad | C45: 13 | D45: Foundation University, Islamabad | E45: 34 | F45: Director.qa.fui@pern.edu.pk | G45: EtoZ8565 | H45: =CONCATENATE(D45,G45) -> Foundation University, IslamabadEtoZ8565
A46: 141 | B46: PAQSJ Institute of Medical Sciences, Gambat | C46: 17723 | D46: Gambat Institute of Medical Sciences, Khairpur | E46: 532 | F46: dr.mansoor.gims@pern.edu.pk | G46: YywH6577 | H46: =CONCATENATE(D46,G46) -> Gambat Institute of Medical Sciences, KhairpurYywH6577
A47: 43 | B47: Gandhara University, Peshawar | C47: 101 | D47: Gandhara University, Peshawar | E47: 238 | F47: saira.afridi.gandhara@pern.edu.pk | G47: CqhS1240 | H47: =CONCATENATE(D47,G47) -> Gandhara University, PeshawarCqhS1240
A48: 44 | B48: Ghazi National Institute of Engineering and Scince Dera Ghazi Khan | C48: 17894 | D48: Ghazi National Institute of Engineering and Sciences, Dera Ghazi Khan | E48: 354 | F48: hodphysics.gnies@pern.edu.pk | G48: SvqM9246 | H48: =CONCATENATE(D48,G48) -> Ghazi National Institute of Engineering and Sciences, Dera Ghazi KhanSvqM9246
D49: Ghazi University, Dera Ghazi Khan | G49: YssH9187 | H49: =CONCATENATE(D49,G49) -> Ghazi University, Dera Ghazi KhanYssH9187
A50: 46 | B50: Ghulam Ishaq Khan Institute of Engineering Sciences & Technology, Topi | C50: 102 | D50: Ghulam Ishaq Khan Institute of Engineering Sciences & Technology, Topi | E50: 240 | F50: afsar.giki@pern.edu.pk | G50: RxpX1822 | H50: =CONCATENATE(D50,G50) -> Ghulam Ishaq Khan Institute of Engineering Sciences & Technology, TopiRxpX1822
D51: Global Institute, Lahore | G51: TgqJ6918 | H51: =CONCATENATE(D51,G51) -> Global Institute, LahoreTgqJ6918
A52: 49 | B52: Gomal University, D.I. Khan | C52: 103 | D52: Gomal University, D.I. Khan | F52: Gomal_Uni@pern.edu.pk | G52: JtsW5429 | H52: =CONCATENATE(D52,G52) -> Gomal University, D.I. KhanJtsW5429
A53: 50 | B53: Government College for Women University, Faisalabad | C53: 17725 | D53: Government College for Women University, Faisalabad | E53: 358 | F53: directorqec.gcwuf@pern.edu.pk | G53: BfzM6455 | H53: =CONCATENATE(D53,G53) -> Government College for Women University, FaisalabadBfzM6455
A54: 51 | B54: Government College for Women University, Sialkot | C54: 17726 | D54: Government College for Women University, Sialkot | E54: 363 | F54: dd.qec.gcwus@pern.edu.pk | G54: PjfB8906 | H54: =CONCATENATE(D54,G54) -> Government College for Women University, SialkotPjfB8906
A55: 52 | B55: Government College University, Faisalabad | C55: 28 | D55: Government College University, Faisalabad | F55: Dirqec_gcuf@pern.edu.pk | G55: IsdX4944 | H55: =CONCATENATE(D55,G55) -> Government College University, FaisalabadIsdX4944
A56: 53 | B56: Government College University, Hyderabad | C56: 17836 | D56: Government College University, Hyderabad | E56: 70 | F56: dd.qec.gcuh@pern.edu.pk | G56: IqfB6811 | H56: =CONCATENATE(D56,G56) -> Government College University, HyderabadIqfB6811
A57: 54 | B57: Government College University, Lahore | C57: 29 | D57: Government College University, Lahore | E57: 73 | F57: Additional.regs.gcu@pern.edu.pk | G57: JkhJ4685 | H57: =CONCATENATE(D57,G57) -> Government College University, LahoreJkhJ4685
A58: 55 | B58: Government Sadiq College Women University, Bahawalpur | C58: 17727 | D58: Government Sadiq College Women University, Bahawalpur | E58: 366 | F58: ad.qa.gscwu@pern.edu.pk | G58: OxkK3450 | H58: =CONCATENATE(D58,G58) -> Government Sadiq College Women University, BahawalpurOxkK3450
A59: 56 | B59: Greenwich University, Karachi | C59: 63 | D59: Greenwich University, Karachi | E59: 167 | F59: Sheeraz.greenwich@pern.edu.pk | G59: LviS8917 | H59: =CONCATENATE(D59,G59) -> Greenwich University, KarachiLviS8917
A60: 57 | B60: Habib University, Karachi | C60: 17728 | D60: Habib University, Karachi | F60: Farhana.kazmi_habib@pern.edu.pk | G60: FrnX4567 | H60: =CONCATENATE(D60,G60) -> Habib University, KarachiFrnX4567
A61: 58 | B61: Hajvery University, Lahore | C61: 30 | D61: Hajvery University, Lahore | E61: 76 | F61: qec.hup@pern.edu.pk | G61: WugZ3822 | H61: =CONCATENATE(D61,G61) -> Hajvery University, LahoreWugZ3822
A62: 59 | B62: Hamdard University, Karachi | C62: 64 | D62: Hamdard University, Karachi | E62: 169 | F62: Director.qec.hamdard@pern.edu.pk | G62: DytL4162 | H62: =CONCATENATE(D62,G62) -> Hamdard University, KarachiDytL4162
D63: Hands-Institute of Development studies, Karachi | G63: WepQ2856 | H63: =CONCATENATE(D63,G63) -> Hands-Institute of Development studies, KarachiWepQ2856
A64: 60 | B64: Hazara University, Mansehra | C64: 104 | D64: Hazara University, Dodhial, Mansehra | F64: rpdirector.gmail@pern.edu.pk | G64: PajK1252 | H64: =CONCATENATE(D64,G64) -> Hazara University, Dodhial, MansehraPajK1252
A65: 61 | B65: Health Services Academy (HSA), Islamabad | C65: 17848 | D65: Health Services Academy (HSA), Islamabad | E65: 519 | F65: adnankhan.hsa@pern.edu.pk | G65: ClgE4333 | H65: =CONCATENATE(D65,G65) -> Health Services Academy (HSA), IslamabadClgE4333
A66: 62 | B66: HITEC University, Taxila | C66: 129 | D66: HITEC University, Taxila | E66: 284 | F66: Assistant.registrar.hitecuni@pern.edu.pk | G66: YzxP1410 | H66: =CONCATENATE(D66,G66) -> HITEC University, TaxilaYzxP1410
D67: Hyderabad Institute for Technology & Management Sciences, Hyderabad | G67: MutG8605 | H67: =CONCATENATE(D67,G67) -> Hyderabad Institute for Technology & Management Sciences, HyderabadMutG8605
A68: 63 | B68: Ibadat International University, Islamabad | C68: 17878 | D68: Ibadat International University, Islamabad | E68: 42 | F68: adnan.asif.admin@pern.edu.pk | G68: GbdD4183 | H68: =CONCATENATE(D68,G68) -> Ibadat International University, IslamabadGbdD4183
A69: 249 | B69: Ibn-e-sina University, Mirpurkhas | D69: Ibn-e-sina University, Mirpurkhas | F69: aalam.isu@pern.edu.pk | G69: VyqJ7631 | H69: =CONCATENATE(D69,G69) -> Ibn-e-sina University, MirpurkhasVyqJ7631
A70: 64 | B70: ILMA University, Karachi | C70: 67 | D70: ILMA University, Karachi | E70: 174 | F70: QEC.ILMAUNIVERSITY@pern.edu.pk | G70: OtzJ1428 | H70: =CONCATENATE(D70,G70) -> ILMA University, KarachiOtzJ1428
A71: 65 | B71: Imperial College of Business Studies, Lahore | C71: 31 | D71: Imperial College of Business Studies, Lahore | E71: 78 | F71: registrar.imperial@pern.edu.pk | G71: JsiI5041 | H71: =CONCATENATE(D71,G71) -> Imperial College of Business Studies, LahoreJsiI5041
A72: 66 | B72: Indus Valley School of Art and Architecture, Karachi | C72: 66 | D72: Indus Valley School of Art and Architecture, Karachi | E72: 171 | F72: kashif.nisar.ivs@pern.edu.pk | G72: KbmZ1219 | H72: =CONCATENATE(D72,G72) -> Indus Valley School of Art and Architecture, KarachiKbmZ1219
A73: 67 | B73: Indus University, Karachi | C73: 168 | D73: Indus University, Karachi | E73: 325 | F73: asstt.director.indus@pern.edu.pk | G73: MhuR5793 | H73: =CONCATENATE(D73,G73) -> Indus University, KarachiMhuR5793
A74: 68 | B74: Information Technology University of the Punjab, Lahore | C74: 17729 | D74: Information Technology University, Lahore | E74: 141 | F74: qec.itu@pern.edu.pk | G74: TumD9396 | H74: =CONCATENATE(D74,G74) -> Information Technology University, LahoreTumD9396
A75: 69 | B75: Institute of Art & Culture, Lahore | C75: 17823 | D75: Institute for Art and Culture | E75: 507 | F75: atif.ijaz.iac@pern.edu.pk | G75: ZbtJ3570 | H75: =CONCATENATE(D75,G75) -> Institute for Art and CultureZbtJ3570
A76: 70 | B76: Institute of Business Administration, Karachi | C76: 68 | D76: Institute of Business Administration, Karachi | E76: 175 | F76: masoodali.iba@pern.edu.pk | G76: IdbG7289 | H76: =CONCATENATE(D76,G76) -> Institute of Business Administration, KarachiIdbG7289
A77: 71 | B77: Institute of Business Management, Karachi | C77: 131 | D77: Institute of Business Management, Karachi | E77: 287 | F77: adnan.fuzail.iobm@pern.edu.pk | G77: MxnT2412 | H77: =CONCATENATE(D77,G77) -> Institute of Business Management, KarachiMxnT2412
D78: Institute Of Management and Applied Sciences, Khanewal | G78: CrtP1987 | H78: =CONCATENATE(D78,G78) -> Institute Of Management and Applied Sciences, KhanewalCrtP1987
A79: 72 | B79: Institute of Management Science, Peshawar | C79: 105 | D79: Institute of Management Science, Peshawar (IMS) | E79: 244 | F79: muhammad.jamal.imsciences@pern.edu.pk | G79: QihM1261 | H79: =CONCATENATE(D79,G79) -> Institute of Management Science, Peshawar (IMS)QihM1261
A80: 73 | B80: Institute of Management Sciences, Lahore | C80: 32 | D80: Institute of Management Sciences, Lahore | E80: 81 | F80: mujtaba.sial.pakaims@pern.edu.pk | G80: NfiE3739 | H80: =CONCATENATE(D80,G80) -> Institute of Management Sciences, LahoreNfiE3739
A81: 74 | B81: Institute of Southern Punjab, Multan | C81: 144 | D81: Institute of Southern Punjab, Multan | E81: 297 | F81: idc.isp@pern.edu.pk | G81: FyuW2937 | H81: =CONCATENATE(D81,G81) -> Institute of Southern Punjab, MultanFyuW2937
A82: 75 | B82: Institute of Space Technology, Islamabad | C82: 14 | D82: Institute of Space Technology, Islamabad (IST) | E82: 36 | F82: ab.waheedk.ist@pern.edu.pk | G82: EdpY9457 | H82: =CONCATENATE(D82,G82) -> Institute of Space Technology, Islamabad (IST)EdpY9457
A83: 76 | B83: International Institute of Science, Art and Technology (IISAT), Gujranwala | C83: 179416 | D83: International Institute of Science, Arts and Technology, Gujranwala | E83: 498 | F83: manager.qec.iisat@pern.edu.pk | G83: YptL2979 | H83: =CONCATENATE(D83,G83) -> International Institute of Science, Arts and Technology, GujranwalaYptL2979
A84: 77 | B84: International Islamic University, Islamabad | C84: 15 | D84: International Islamic University, Islamabad | E84: 38 | F84: director.qad.iiu@pern.edu.pk | G84: PbwD7340 | H84: =CONCATENATE(D84,G84) -> International Islamic University, IslamabadPbwD7340
A85: 78 | B85: Iqra National University, Peshawar | C85: 146 | D85: Iqra National University, Peshawar | E85: 301 | F85: mohsin.inu@pern.edu.pk | G85: GdlH9538 | H85: =CONCATENATE(D85,G85) -> Iqra National University, PeshawarGdlH9538
A86: 79 | B86: Iqra University, Karachi | C86: 70 | D86: Iqra University, Karachi | E86: 177 | F86: muizz.iqra@pern.edu.pk | G86: NdgV6843 | H86: =CONCATENATE(D86,G86) -> Iqra University, KarachiNdgV6843
A87: 80 | B87: Islamia College University, Peshawar | C87: 134 | D87: Islamia College, Peshawar | E87: 294 | F87: director.qec.icp@pern.edu.pk | G87: RxrF7013 | H87: =CONCATENATE(D87,G87) -> Islamia College, PeshawarRxrF7013
A88: 81 | B88: Islamia University, Bahawalpur | C88: 33 | D88: Islamia University, Bahawalpur | E88: 84 | F88: qec.iub@pern.edu.pk | G88: AtgK9403 | H88: =CONCATENATE(D88,G88) -> Islamia University, BahawalpurAtgK9403
A89: 82 | B89: Isra University, Hyderabad | C89: 71 | D89: Isra University, Hyderabad | E89: 180 | F89: aj.kazi.isra@pern.edu.pk | G89: IrmZ9034 | H89: =CONCATENATE(D89,G89) -> Isra University, HyderabadIrmZ9034
A90: 83 | B90: Jinnah Sindh Medical University, Karachi | C90: 17730 | D90: Jinnah Sindh Medical University, Karachi | E90: 373 | F90: aamir.anis.jsmu@pern.edu.pk | G90: QeaK9845 | H90: =CONCATENATE(D90,G90) -> Jinnah Sindh Medical University, KarachiQeaK9845
A91: 84 | B91: Jinnah University for Women, Karachi | C91: 72 | D91: Jinnah University for Women, Karachi | E91: 181 | F91: qec.juw@pern.edu.pk | G91: LnvP3739 | H91: =CONCATENATE(D91,G91) -> Jinnah University for Women, KarachiLnvP3739
D92: Kalam Bibi International Women Institute, Bannu | G92: QmvN1046 | H92: =CONCATENATE(D92,G92) -> Kalam Bibi International Women Institute, Bannu QmvN1046
A93: 85 | B93: Karachi Institute of Economics & Technology, Karachi | C93: 73 | D93: Karachi Institute of Economics & Technology, Karachi | E93: 184 | F93: controller.kiet@pern.edu.pk | G93: BsaT7012 | H93: =CONCATENATE(D93,G93) -> Karachi Institute of Economics & Technology, KarachiBsaT7012
D94: Karachi Institute of Technology and Entrepreneurship (KITE), Karachi | G94: NjkF3143 | H94: =CONCATENATE(D94,G94) -> Karachi Institute of Technology and Entrepreneurship (KITE), KarachiNjkF3143
D95: Karachi Metropolitan University, Karachi | G95: RegQ1650 | H95: =CONCATENATE(D95,G95) -> Karachi Metropolitan University, KarachiRegQ1650
A96: 87 | B96: Karachi School for Business & Leadership, Karachi | C96: 17731 | D96: Karachi School for Business & Leadership, Karachi | E96: 376 | F96: Muhammad.Aqeel.ksbl@pern.edu.pk | G96: ZwyA5647 | H96: =CONCATENATE(D96,G96) -> Karachi School for Business & Leadership, KarachiZwyA5647
A97: 88 | B97: Karakoram International University, Gilgit | C97: 17499 | D97: Karakurum International University, Gilgit, Gilgit Baltistan | E97: 337 | F97: director.sael.kiu@pern.edu.pk | G97: IxhV8372 | H97: =CONCATENATE(D97,G97) -> Karakurum International University, Gilgit, Gilgit BaltistanIxhV8372
A98: 89 | B98: Khadim Ali Shah Bukhari Institute of Technology (KASBIT), Karachi | C98: 74 | D98: KASB Institute of Technology, Karachi | E98: 185 | F98: registrar.kasbit@pern.edu.pk | G98: BrkA8872 | H98: =CONCATENATE(D98,G98) -> KASB Institute of Technology, KarachiBrkA8872
A99: 91 | B99: Khushal Khan Khattak University, Karak | C99: 17733 | D99: Khushal Khan Khattak University, Karak | E99: 381 | F99: raheem.khattak.kkkuk@pern.edu.pk | G99: CbbB8047 | H99: =CONCATENATE(D99,G99) -> Khushal Khan Khattak University, KarakCbbB8047
A100: 90 | B100: Khawaja Freed University of Engineering & Information Technology, Rahim Yar Khan | C100: 17732 | D100: Khwaja Fareed University of Engineering and Information Technology, Rahim Yar Khan | E100: 378 | F100: m.bilaltahir.kfueit@pern.edu.pk | G100: KjmG9148 | H100: =CONCATENATE(D100,G100) -> Khwaja Fareed University of Engineering and Information Technology, Rahim Yar KhanKjmG9148
...
